 Dungeon Crawl Stone Soup version 0.30.1-11-g7821555f0a (webtiles) character file.

Game seed: 14291120486242183938

37067154 raetorn the Archmage (level 27, 206/206 HPs)
             Began as a Meteoran Earth Elementalist on Oct 30, 2023.
             Was the Champion of Vehumet.
             Escaped with the Orb
             ... and 15 runes!
             The game lasted 05:10:30 (39693 turns).

raetorn the Archmage (Meteoran Earth Elementalist) Turns: 39693, Time: 05:10:30

Health: 206/206    AC:  9    Str: 18    XL:     27
Magic:  67/78      EV: 26    Int: 38    God:    Vehumet [******]
Gold:   4468       SH: 14    Dex: 16    Spells: 2/80 levels left

rFire   + +          .
                       - Unarmed
rCold   + + +        q - +3 buckler {AC+3}
rNeg    + + .        W - +1 robe of Vines {NoPotionHeal Regen++++}
rPois   +            D - -2 hat of the Alchemist {rElec rPois rF+ rC+ rN+ Will+ rMut rCorr}
rElec   +            V - scarf {repulsion}
rCorr   +            (no gloves)
SInv    +            A - +3 pair of boots of Okhlediad {Harm Slay+6}
Will    +++++        S - amulet "Giuturus" {Reflect rN+ MP+9 Str+4 SH+5 Stlth+}
Stlth   +            G - ring "Dolamic" {rF+ Will+ Int+4 SInv}
HPRegen 3.74/turn    Y - ring of Diob {Fly rC+ MP+9 Int+6 Stlth+}
MPRegen 0.46/turn

%: harm (+30% outgoing, +20% incoming), repel missiles, reflection, resist
mutation
@: flying, glowing, studying 6 skills
A: sense surroundings 3, otherworldly, glowing, explore regen, cold resistance
1, high MP 1, electricity resistance, MP-powered wands
0: Orb of Zot
}: 15/15 runes: barnacled, slimy, silver, golden, iron, obsidian, icy, bone,
abyssal, demonic, glowing, magical, fiery, dark, gossamer
a: Renounce Religion


You escaped.
You worshipped Vehumet.
Vehumet was exalted by your worship.
You visited 17 branches of the dungeon, and saw 87 of its levels.
You visited Pandemonium 1 time, and saw 20 of its levels.
You visited the Abyss 2 times.
You visited 2 bazaars.
You completed 1 ziggurat, and saw 27 of its levels.
You also visited: Trove, Gauntlet, Ice Cave, Volcano and Wizlab.

You collected 8497 gold pieces.
You spent 4029 gold pieces at shops.

Inventory:

Armour
 q - a +3 buckler of protection (worn)
 A - the +3 pair of boots of Okhlediad (worn) {Harm Slay+6}
   (You bought it in a shop on level 14 of the Dungeon)

   Slay:      It affects your accuracy & damage with ranged weapons and melee
   (+6).
   Harm:      It increases damage dealt and taken.
 D - the -2 hat of the Alchemist (worn) {rElec rPois rF+ rC+ rN+ Will+ rMut rCorr}
   (You found it on level 21 of a ziggurat)

   rF:        It protects you from fire.
   rC:        It protects you from cold.
   rElec:     It insulates you from electricity.
   rPois:     It protects you from poison.
   rN:        It protects you from negative energy.
   rCorr:     It protects you from acid and corrosion.
   rMut:      It protects you from mutation.
   Will:      It increases your willpower.
 I - a +2 robe of the Archmagi
 N - a +4 troll leather armour
 V - a scarf of repulsion (worn)
 W - the +1 robe of Vines (worn) {NoPotionHeal Regen++++}
   (You found it on level 24 of a ziggurat)

   NoPotionHeal: Its wearer cannot be healed by potions.
   Regen:     It increases your rate of health regeneration.
Magical Staves
 L - the staff of earth "Zigubie" {rC++ rN+++ Stlth-}
   (You found it in a treasure trove)

   [staff of earth]

   Base accuracy: +5 Base damage: 5 Base attack delay: 1.2 This weapon's minimum
   attack delay (0.6) is reached at skill level 12.
   rC:        It greatly protects you from cold.
   rN:        It renders you almost immune to negative energy.
   Stlth:     It makes you less stealthy.
   It falls into the 'Staves' category.
   It is a one-handed weapon.
 P - a staff of conjuration
 Q - the staff of air "Uckewac" {rElec rF+ rC+ Str+3}
   (You found it on level 4 of the Shoals)

   [staff of air]

   Base accuracy: +5 Base damage: 5 Base attack delay: 1.2 This weapon's minimum
   attack delay (0.6) is reached at skill level 12.
   Str:       It affects your strength (+3).
   rF:        It protects you from fire.
   rC:        It protects you from cold.
   rElec:     It insulates you from electricity.
   It falls into the 'Staves' category.
   It is a one-handed weapon.
Jewellery
 m - the ring of the Festooned God {rF+ rC+++ EV+5 Str+4 Dex+3}
   (You found it on level 23 of a ziggurat)

   [ring of evasion]

   EV:        It affects your evasion (+5).
   Str:       It affects your strength (+4).
   Dex:       It affects your dexterity (+3).
   rF:        It protects you from fire.
   rC:        It renders you almost immune to cold.
 r - the ring "Bittol" {rPois rCorr Int+3}
   (You took it off a deep elf annihilator on level 3 of the Elven Halls)

   [ring of resist corrosion]

   Int:       It affects your intelligence (+3).
   rPois:     It protects you from poison.
   rCorr:     It protects you from acid and corrosion.
 t - the ring "Ogoaqis" {rC+ rCorr Int+4}
   (You found it on level 15 of a ziggurat)

   [ring of protection from cold]

   Int:       It affects your intelligence (+4).
   rC:        It protects you from cold.
   rCorr:     It protects you from acid and corrosion.
 C - a ring of wizardry
 F - the dreamshard necklace {*Dream Drain}
   (You found it on level 8 of a ziggurat)

   [amulet of nothing]

   *Dream:    It shatters if its wearer takes lethal or near-lethal damage,
   preventing the blow and releasing protective dreams that heal and fight for
   the wearer.
   Drain:     It drains your maximum health when unequipped.
 G - the ring "Dolamic" (left hand) {rF+ Will+ Int+4 SInv}
   (You found it in a Gauntlet)

   [ring of willpower]

   Int:       It affects your intelligence (+4).
   rF:        It protects you from fire.
   SInv:      It lets you see invisible.
   Will:      It increases your willpower.
 S - the amulet "Giuturus" (around neck) {Reflect rN+ MP+9 Str+4 SH+5 Stlth+}
   (You bought it in a shop on level 14 of the Dungeon)

   [amulet of reflection]

   It reflects blocked missile attacks.
   Str:       It affects your strength (+4).
   rN:        It protects you from negative energy.
   MP:        It affects your magic capacity (+9).
   SH:        It affects your SH (+5).
   Stlth:     It makes you more stealthy.
 Y - the ring of Diob (right hand) {Fly rC+ MP+9 Int+6 Stlth+}
   (You found it on level 25 of a ziggurat)

   [ring of intelligence]

   Int:       It affects your intelligence (+6).
   rC:        It protects you from cold.
   MP:        It affects your magic capacity (+9).
   Fly:       It grants you flight.
   Stlth:     It makes you more stealthy.
Wands
 j - a wand of flame (145)
 x - a wand of paralysis (115)
 H - a wand of iceblast (133)
 K - a wand of polymorph (26)
 O - a wand of digging (49)
 T - a wand of acid (29)
Scrolls
 d - 41 scrolls of teleportation
 e - 8 scrolls of immolation
 g - 4 scrolls of fear
 o - 8 scrolls of poison
 y - 32 scrolls of fog
 z - a scroll of magic mapping
 B - 5 scrolls of torment
 E - 5 scrolls of summoning
 X - 11 scrolls of blinking
Potions
 f - 8 potions of might
 h - 32 potions of mutation
 i - 10 potions of flight
 l - 3 potions of magic
 n - 8 potions of cancellation
 s - 8 potions of ambrosia
 u - 10 potions of attraction
 v - 5 potions of resistance
 w - 2 potions of brilliance
 J - 10 potions of lignification
 U - 9 potions of heal wounds
 Z - 21 potions of curing
Miscellaneous
 a - a tin of tremorstones (2/2)
 b - a lightning rod (4/4)
 c - 2 +1 figurines of a ziggurat
 k - a phial of floods
 M - a box of beasts
 R - a condenser vane


   Skills:
 O Level 27 Fighting
 - Level 8.5 Long Blades
 - Level 8.0 Armour
 + Level 23.9 Dodging
 - Level 1.4 Stealth
 - Level 8.0 Shields
 + Level 23.9 Unarmed Combat
 O Level 27 Spellcasting
 O Level 27 Conjurations
 - Level 21.4 Necromancy
 - Level 16.2 Translocations
 - Level 22.5 Transmutations
 - Level 16.0 Fire Magic
 O Level 27 Ice Magic
 O Level 27 Air Magic
 O Level 27 Earth Magic
 - Level 8.0 Poison Magic
 - Level 8.5 Evocations


You had 2 spell levels left.
You knew the following spells:

 Your Spells              Type           Power      Damage    Failure   Level
a - Sublimation of Blood  Necr           100%       N/A       0%          2
b - Passwall              Tmut/Erth      100%       N/A       0%          2
c - Iron Shot             Conj/Erth      65%        9d12      0%          6
d - Ignition              Fire           53%        3d15      1%          8
e - Necromutation         Tmut/Necr      60%        N/A       1%          8
f - Shatter               Erth           65%        3d48*     1%          9
g - Borgnjor's Vile Clut  Necr/Erth      62%        N/A       0%          5
h - Polar Vortex          Ice            65%        N/A       1%          9
i - Storm Form            Tmut/Air       63%        N/A       0%          7
j - Passage of Golubria   Tloc           100%       N/A       0%          4
k - Vhi's Electric Charg  Tloc/Air       100%       N/A       0%          3
l - Manifold Assault      Tloc           100%       N/A       0%          4
m - Chain Lightning       Conj/Air       65%        3d86      1%          9
n - Blink                 Tloc           100%       N/A       0%          2

Your spell library contained the following spells:

 Spells                   Type           Power      Damage    Failure   Level
 Apportation              Tloc           100%       N/A       0%          1
 Beastly Appendage        Tmut           100%       N/A       0%          1
 Foxfire                  Conj/Fire      100%       2x1d9     0%          1
 Freeze                   Ice            100%       1d10      0%          1
 Kiss of Death            Conj/Necr      100%       2d13      0%          1
 Magic Dart               Conj           100%       1d8       0%          1
 Necrotise                Necr           100%       1d9       0%          1
 Sandblast                Erth           100%       2d20      0%          1
 Shock                    Conj/Air       100%       1d9       0%          1
 Sting                    Tmut/Pois      100%       1d8       0%          1
 Cigotuvi's Dreadful Rot  Necr/Pois/Air  100%       N/A       0%          2
 Ensorcelled Hibernation  Hex/Ice        100%       N/A       0%          2
 Lesser Beckoning         Tloc           100%       N/A       0%          2
 Momentum Strike          Conj/Tloc      100%       3d10      0%          2
 Poisonous Vapours        Pois/Air       100%       N/A       0%          2
 Scorch                   Fire           100%       2d9       0%          2
 Searing Ray              Conj           100%       2d8       0%          2
 Static Discharge         Conj/Air       100%       2-7/arc   0%          2
 Wereblood                Tmut           100%       N/A       0%          2
 Slow                     Hex            100%       N/A       1%          1
 Summon Small Mammal      Summ           100%       N/A       1%          1
 Dazzling Flash           Conj/Hex       100%       N/A       0%          3
 Frozen Ramparts          Ice            100%       1d16      0%          3
 Gell's Gravitas          Tloc           100%       N/A       0%          3
 Hailstorm                Conj/Ice       100%       3d20      0%          3
 Ignite Poison            Fire/Tmut/Pois 100%       N/A       0%          3
 Mephitic Cloud           Conj/Pois/Air  100%       N/A       0%          3
 Ozocubu's Armour         Ice            100%       N/A       0%          3
 Spider Form              Tmut/Pois      100%       N/A       0%          3
 Stone Arrow              Conj/Erth      100%       3d13      0%          3
 Swiftness                Air            100%       N/A       0%          3
 Teleport Other           Tloc           100%       N/A       0%          3
 Vampiric Draining        Necr           100%       2d13      0%          3
 Volatile Blastmotes      Fire/Tloc      100%       2d18      0%          3
 Airstrike                Air            65%        2d(10-26) 0%          4
 Animate Armour           Summ/Erth      100%       N/A       0%          4
 Animate Dead             Necr           100%       N/A       0%          4
 Flame Wave               Conj/Fire      100%       2d21      0%          4
 Fulminant Prism          Conj/Hex       50%        3d23      0%          4
 Ice Form                 Ice/Tmut       100%       N/A       0%          4
 Iskenderun's Mystic Bla  Conj/Tloc      100%       2d19      0%          4
 Leda's Liquefaction      Hex/Erth       50%        N/A       0%          4
 Petrify                  Tmut/Erth      100%       N/A       0%          4
 Sticky Flame             Conj/Fire      100%       2d11      0%          4
 Summon Ice Beast         Ice/Summ       100%       N/A       0%          4
 Summon Lightning Spire   Summ/Air       100%       N/A       0%          4
 Agony                    Necr           100%       N/A       0%          5
 Arcjolt                  Conj/Air       65%        1d75      0%          5
 Blade Hands              Tmut           61%        N/A       0%          5
 Fireball                 Conj/Fire      60%        3d23      0%          5
 Freezing Cloud           Conj/Ice/Air   65%        6-21      0%          5
 Irradiate                Conj/Tmut      63%        3d32      0%          5
 Iskenderun's Battlesphe  Conj           100%       2d15      0%          5
 Lee's Rapid Deconstruct  Erth           65%        3d30*     0%          5
 Conjure Ball Lightning   Conj/Air       65%        3x3d23    0%          6
 Death Channel            Necr           60%        N/A       0%          6
 Plasma Beam              Fire/Air       60%        2x1d83    0%          6
 Simulacrum               Ice/Necr       62%        N/A       0%          6
 Starburst                Conj/Fire      60%        6d16      0%          6
 Statue Form              Tmut/Erth      84%        N/A       0%          6
 Orb of Destruction       Conj           65%        9d15      0%          7
 Ozocubu's Refrigeration  Ice            65%        4d21      0%          7
 Call Canine Familiar     Summ           50%        N/A       1%          3
 Confusing Touch          Hex            50%        N/A       1%          3
 Inner Flame              Hex/Fire       84%        N/A       1%          3
 Portal Projectile        Hex/Tloc       100%       N/A       1%          3
 Summon Guardian Golem    Hex/Summ       50%        N/A       1%          3
 Tukima's Dance           Hex            50%        N/A       1%          3
 Anguish                  Hex/Necr       46%        N/A       1%          4
 Olgreb's Toxic Radiance  Pois           84%        N/A       1%          4
 Alistair's Intoxication  Tmut/Pois      70%        N/A       1%          5
 Metabolic Englaciation   Hex/Ice        50%        N/A       1%          5
 Silence                  Hex/Air        50%        N/A       1%          5
 Summon Forest            Summ/Tloc      42%        N/A       1%          5
 Yara's Violent Unravell  Hex/Tmut       47%        3d18      1%          5
 Dispersal                Tloc           54%        N/A       1%          6
 Eringya's Noxious Bog    Tmut/Pois      52%        N/A       1%          6
 Dragon Form              Tmut           61%        N/A       1%          7
 Spellforged Servitor     Conj/Summ      50%        N/A       1%          7
 Borgnjor's Revivificati  Necr           60%        N/A       1%          8
 Infestation              Necr           60%        N/A       1%          8
 Lehudib's Crystal Spear  Conj/Erth      65%        10d15     1%          8
 Maxwell's Capacitive Co  Air            65%        ∞         1%          8
 Disjunction              Tloc           54%        N/A       3%          8
 Cause Fear               Hex            25%        N/A       4%          4
 Haunt                    Necr/Summ      46%        N/A       4%          7
 Death's Door             Necr           60%        N/A       6%          9
 Summon Mana Viper        Hex/Summ       50%        N/A       12%         5
 Malign Gateway           Summ/Tloc      42%        N/A       13%         7
 Summon Cactus Giant      Summ           25%        N/A       54%         6
 Enfeeble                 Hex            25%        N/A       98%         7
 Monstrous Menagerie      Summ           25%        N/A       98%         7
 Summon Hydra             Summ           25%        N/A       98%         7
 Discord                  Hex            25%        N/A       100%        8
 Summon Horrible Things   Summ           25%        N/A       100%        8
 Dragon's Call            Summ           25%        N/A       100%        9


Dungeon Overview and Level Annotations

Branches:
Dungeon (15/15)            Temple (0/1) D:6            Lair (5/5) D:10
 Shoals (4/4) Lair:3       Spider (4/4) Lair:3        Slime (5/5) Lair:5
    Orc (2/2) D:9             Elf (3/3) Orc:2        Vaults (5/5) D:13
  Crypt (3/3) Vaults:3       Tomb (3/3) Crypt:3      Depths (4/4) D:15
   Hell (visited)             Dis (7/7) Hell            Geh (7/7) Hell
    Coc (7/7) Hell            Tar (7/7) Hell            Zot (5/5) Depths:4
  IceCv (visited)         Volcano (visited)          WizLab (visited)
Gauntlet (visited)

Altars:
Ashenzari
Dithmenos
Elyvilon
Fedhas
Gozag
Nemelex Xobeh
Qazlal
Ru
Trog
Uskayaw
Vehumet
Wu Jian
Zin
The Shining One
Jiyva
Lugonu

Shops:
D:2 ?   D:13 [   D:14 *   Orc:1 *   Orc:2 [*(!   Elf:3 *   Vaults:1 ?
Vaults:3 (   Vaults:5 :   Depths:3 ((!   Depths:4 (=[*

Portals:
Hell: Depths:2 Depths:3 Depths:4
Abyss: Lair:5 Depths:3
Pandemonium: Depths:2

Annotations:
Spider:2 Mara
Crypt:3 3 runed translucent doors, Gaelaa's ghost, veteran DgCj; Mucafifa's ghost, adept MiFi; Tikhodghonn's ghost, veteran GrEE; Waammiq's ghost, veteran GrEE
Tar:1 12 runed doors


Innate Abilities, Weirdness & Mutations

You passively map a large area around you.
You are easily found by Zot.
You glow in the dark.
You regain HP and MP as you explore.
Your flesh is cold resistant. (rC+)
You have an increased reservoir of magic. (+10% MP)
You are resistant to electric shocks. (rElec)
You expend magic power (3 MP) to strengthen your wands.


Message History

(N) Spider Nest (M) Slime Pits (O) Orcish Mines (E) Elven Halls (V) Vaults (C) Crypt (W) Tomb (U) Depths (H) Hell (I) Dis (G) Gehenna (X) Cocytus (Y) Tartarus (Z) Zot
Where to? (Enter - D:1 @ (x,y), ? - help)
A bat comes into view.
Unknown command.
Okay, then.
You are now empty-handed.
You block the bat's attack. You block the bat's attack.
The bat completely misses you.
You pummel the bat!!
You kill the bat!
Vehumet accepts your kill.
(D) Dungeon (T) Temple (L) Lair (A) Shoals (N) Spider Nest (M) Slime Pits (O) Orcish Mines (E) Elven Halls (V) Vaults (C) Crypt (W) Tomb (U) Depths (H) Hell (I) Dis (G) Gehenna (X) Cocytus (Y) Tartarus (Z) Zot
Where to? (Enter - D:1 @ (x,y), ? - help)
What level of the Dungeon? (default 1, ? - help)
A Tzitzimitl comes into view.
Casting: Chain Lightning (mildly dangerous; 1% risk of failure)
Confirm with . or Enter, or press ? or * to list all spells.
Lightning arcs from your hands!
The bolt of lightning hits the Tzitzimitl!!!
The Tzitzimitl resists.
The Tzitzimitl is severely wounded.
The bolt of lightning hits you! You resist.
Casting: Chain Lightning (mildly dangerous; 1% risk of failure)
Confirm with . or Enter, or press ? or * to list all spells.
Lightning arcs from your hands!
The bolt of lightning hits the Tzitzimitl!!!
The Tzitzimitl resists.
You kill the Tzitzimitl!
Vehumet accepts your kill.
You feel your power returning. The bolt of lightning hits you. You resist.
There is a staircase leading out of the dungeon here.
You have escaped!

..>............≈.≈..............#
#.##.#...†.#.........#..........#
.....#.....#..#...#..##.........#
...........#.........############
#..####....#.........#
.)...#####.#..#...#..#
.......##..#.........#
.....#.....#.........#
.....#.###.#....@....# .....#.#
#.########### .....#.# #.#
..####.# #.# ....>..###.#
..######...# ..######...#
...........# ...........#


There were no monsters in sight!

Vanquished Creatures
  Cerebov (Pan)
  the Royal Jelly (Slime:5)
  Asmodeus (Geh:7)
  Dissolution (Slime:2)
  Gloorx Vloq (Pan)
  Ereshkigal (Tar:7)
  A seraph (Pan)
  the Serpent of Hell (Coc:7)
  Mnoleg (Pan)
  Lom Lobon (Pan)
  7 orbs of fire
  15 dread liches
  Khufu (Tomb:3)
  Dispater (Dis:7)
  Mennas (Depths:4)
  22 ancient liches
  13 juggernauts
  The ghost of Peloso the Minotaur Barricade, a veteran MiFi of Okawaru (Zig:8)
  8 pandemonium lords
  Sojobo (Vaults:4)
  24 royal mummies
  Margery (Vaults:4)
  27 shard shrikes
  Saint Roka (Orc:2)
  4 Killer Klowns (Zot:5)
  A curse toe (Zig:8)
  28 caustic shrikes
  Geryon (Hell)
  Jory (Vaults:5)
  21 golden dragons
  4 pearl dragons
  Nikola (Depths:2)
  8 profane servitors
  10 hellephants
  29 bone dragons
  19 iron giants
  3 electric golems
  15 Tzitzimimeh
  17 Brimstone Fiends
  13 tentacled monstrosities
  10 doom hounds
  A spectral shard shrike (Tar:6)
  19 tainted leviathans
  Jorgrun (D:12)
  30 Hell Sentinels
  21 Ice Fiends
  18 liches
  8 searing wretches
  3 quicksilver dragons
  26 Orb Guardians
  40 acid blobs
  11 deep elf master archers
  13 deep elf blademasters
  A walking frostbound tome (Zig:19)
  17 titans
  18 tentacled starspawn
  9 death cobs
  19 sphinxes
  35 ancient champions
  Polyphemus (Shoals:3)
  23 Executioners
  6 shadow dragons
  11 storm dragons
  7 draconian monks
  13 tengu reavers
  14 revenants
  Donald (Shoals:3)
  21 rockslimes
  11 azure jellies
  11 daevas
  8 quicksilver elementals
  23 frost giants
  17 narguns
  18 fire giants
  6 draconian knights
  8 deep elf sorcerers
  3 draconian scorchers
  7 demonspawn warmongers (Pan)
  5 iron dragons
  42 balrugs
  A spectral juggernaut (Tar:7)
  Louise (Elf:3)
  14 vault wardens
  Aizul (Spider:2)
  18 angels
  18 curse skulls
  2 emperor scorpions (Spider:4)
  A juggernaut zombie (D:15)
  5 ghost moths
  5 shard shrike simulacra
  18 cacodemons
  3 draconian annihilators
  29 stone giants
  5 spectral caustic shrikes
  13 ophanim
  18 orc warlords
  10 deep elf elementalists
  2 draconian shifters
  15 quicksilver oozes
  6 reapers
  A spriggan defender (Depths:3)
  34 war gargoyles
  21 ironbound preservers
  2 broodmothers
  9 demonspawn blood saints
  21 very ugly things
  3 demonspawn corrupters
  9 ghouls
  8 ironbound thunderhulks
  20 deep elf demonologists
  13 vampire knights
  6 bennus
  9 white draconians
  6 lorocyprocas
  8 putrid mouths
  2 black draconians
  27 apis
  26 wendigos
  21 elemental wellsprings
  8 demonspawn black suns
  9 green draconians
  A minotaur (Gauntlet)
  20 deep elf annihilators
  A spectral titan (Tar:6)
  21 purple draconians
  12 dire elephants
  15 starcursed masses
  2 yellow draconians
  13 iron golems
  4 red draconians
  9 spark wasps
  15 blizzard demons
  A crystal guardian (Hell)
  35 eidola
  6 merfolk javelineers
  9 statues (WizLab)
  9 green deaths
  13 deep elf death magi
  7 jiangshi
  21 ettins
  8 merfolk impalers
  16 mummy priests
  Josephine (D:11)
  5 entropy weavers
  7 fire dragons
  18 great orbs of eyes
  5 hell beasts
  22 deep elf high priests
  14 yaktaur captains
  3 spriggan zombies
  A quicksilver dragon skeleton (Zig:15)
  12 ice dragons
  5 spectral spriggans
  10 rakshasas
  A peacekeeper (Vaults:4)
  5 hydras
  A spriggan air mage (Depths:2)
  39 vault guards
  7 juggernaut simulacra
  A jorogumo (Spider:1)
  16 salamander tyrants
  7 caustic shrike simulacra
  A ghost crab (Zig:8)
  5 merfolk aquamancers
  12 ironbound frosthearts
  11 stokers
  An Orb Guardian zombie (Crypt:3)
  An alligator snapping turtle (Shoals:3)
  A radroach (Spider:1)
  A spectral tengu (Crypt:1)
  13 boulder beetles
  9 centaur warriors
  5 ogre magi
  4 spriggan skeletons
  A jorogumo (shapeshifter) (Zig:22)
  A boulder beetle (shapeshifter) (Zig:24)
  An anaconda (shapeshifter) (Zig:24)
  The ghost of velnius the Basher, a novice HOFi of Okawaru (D:9)
  2 death knights (Crypt:2)
  A spectral stone giant (Tar:1)
  2 bennu zombies (Crypt:3)
  8 deep troll earth magi
  A catoblepas (Shoals:3)
  A fenstrider witch skeleton (Crypt:1)
  16 death yaks
  22 dancing weapons
  88 death scarabs
  4 tengu warriors
  9 two-headed ogres
  19 vampire magi
  6 deep troll shamans
  40 hell hogs
  Urug (Orc:2)
  A spectral dire elephant (Tar:2)
  28 deep elf knights
  Sonja (D:12)
  5 spriggan berserkers
  11 orc high priests
  13 crystal echidnas
  16 thrashing horrors
  11 hell knights
  A spectral bunyip (Crypt:1)
  12 wretched stars
  23 soul eaters
  40 sun demons
  A titan skeleton (Zig:15)
  Nergalle (Lair:3)
  A sun moth (Spider:1)
  4 skysharks
  A storm dragon skeleton (Zig:15)
  18 sixfirhies
  A spectral anaconda (Tar:2)
  8 spatial maelstroms
  2 quicksilver dragon simulacra
  13 iron trolls
  19 flayed ghosts
  8 glowing orange brains
  23 shadow wraiths
  4 sea snakes
  An iron giant zombie (Crypt:1)
  27 skeletal warriors
  11 cherubim
  A deep troll (shapeshifter) (Zig:24)
  3 sea snakes (shapeshifter)
  49 deep trolls
  10 pharaoh ants
  4 shadow demons
  2 bog bodies (Crypt:1)
  A tengu zombie (Vaults:2)
  An orb spider (shapeshifter) (Zig:13)
  8 orb spiders
  A spectral hydra (Tar:2)
  22 deep elf archers
  12 lindwurms
  6 spriggan simulacra
  4 steelbarb worms
  A steelbarb worm (shapeshifter) (Zig:17)
  An anaconda skeleton (Hell)
  14 phantasmal warriors
  7 wizards
  11 ironbound convokers
  47 large abominations
  A mana viper (shapeshifter) (Zig:13)
  29 orc knights
  4 orange crystal statues
  50 deep elf pyromancers
  16 necromancers
  A frost giant zombie (D:15)
  3 fenstrider witch simulacra
  35 deep elf zephyrmancers
  21 harpies
  23 wolf spiders
  47 ugly things
  4 fauns
  A faun (shapeshifter) (Zig:23)
  11 orc sorcerers
  9 oklob plants (Zig:18)
  A salamander (Depths:1)
  A salamander (shapeshifter) (Zig:23)
  5 cyclopes
  3 moths of wrath (shapeshifter)
  3 spectral ettins
  9 shining eyes
  7 manticores
  3 sphinx skeletons
  4 worldbinders
  A cyclops (shapeshifter) (Zig:17)
  3 iron dragon skeletons
  2 spectral alligator snapping turtles
  2 dire elephant zombies (Crypt:1)
  31 moths of wrath
  14 demonic crawlers
  8 merfolk sirens
  2 fire giant skeletons
  A toenail golem (Zot:5)
  12 elephants
  3 apocalypse crabs
  2 water nymphs (shapeshifter)
  3 titan simulacra
  9 molten gargoyles (Geh:7)
  14 vault sentinels
  A rust devil (Zig:12)
  6 eyes of devastation
  4 ice statues (Coc:5)
  12 water nymphs
  An eye of devastation (shapeshifter) (Zig:23)
  6 black mambas
  2 unseen horrors
  5 torpor snails
  30 smoke demons
  A storm dragon simulacrum (Crypt:1)
  A gargoyle (D:11)
  17 orange demons
  2 centaur skeletons
  5 dire elephant skeletons
  9 cane toads
  A torpor snail (shapeshifter) (Zig:23)
  23 hellions
  An alligator snapping turtle skeleton (Pan)
  A spark wasp simulacrum (Zig:6)
  Psyche (D:9)
  10 ancient zymes
  2 iron giant simulacra
  11 komodo dragons
  27 yaktaurs
  8 anaconda simulacra
  14 rime drakes
  19 tormentors
  A kobold demonologist (D:11)
  19 tengu conjurers
  6 ice devils
  3 bunyip simulacra
  48 guardian mummies
  2 golden dragon simulacra
  A komodo dragon (shapeshifter) (D:13)
  5 freezing wraiths
  4 spectral nagas
  8 efreet
  A grey draconian skeleton (Crypt:3)
  4 red devils (Pan)
  21 merfolk
  A silent spectre (Tar:3)
  A queen bee (shapeshifter) (Vaults:1)
  6 trolls
  9 hellwings
  6 spectral harpies
  A meliai (shapeshifter) (Vaults:5)
  19 polar bears
  22 blink frogs
  A mana viper skeleton (Crypt:2)
  A tarantella (shapeshifter) (Vaults:5)
  A shadow dragon simulacrum (Coc:2)
  10 wind drakes
  9 hornets
  A tengu simulacrum (Zig:18)
  20 tarantellas
  A blink frog (shapeshifter) (Vaults:5)
  6 raiju
  A snapping turtle (shapeshifter) (Zig:24)
  6 harpy skeletons
  8 snapping turtles
  A deep troll zombie (Vaults:2)
  5 iron dragon simulacra
  2 stone giant simulacra
  A meliai zombie (Crypt:2)
  A guardian serpent skeleton (Crypt:2)
  A satyr zombie (Crypt:1)
  30 jumping spiders
  125 slime creatures
  21 culicivoras
  46 flying skulls
  A shadow (D:12)
  An ettin skeleton (Hell)
  12 wraiths
  2 spriggans
  A culicivora (shapeshifter) (Vaults:5)
  6 wyverns
  16 ynoxinuls
  A black mamba zombie (Crypt:1)
  12 air elementals
  12 dire elephant simulacra
  A yak (shapeshifter) (Vaults:5)
  2 fire bats (Abyss:3)
  A wyvern (shapeshifter) (Zig:23)
  55 yaks
  7 fire elementals
  An unseen horror simulacrum (D:9)
  27 water elementals
  10 ushabtiu
  17 chaos spawn
  55 redbacks
  An alligator snapping turtle simulacrum (Hell)
  3 vampires
  A hog (shapeshifter) (D:15)
  15 neqoxecs
  13 golden eyes
  3 basilisks
  6 vampire mosquitoes
  Menkaure (D:4)
  A redback (shapeshifter) (Zig:24)
  12 harpy simulacra
  6 wargs
  A human zombie (D:15)
  7 spatial vortices (Abyss:3)
  3 acid dragons
  3 deep troll skeletons
  A floating eye (shapeshifter) (Zig:23)
  12 water moccasins
  A merfolk skeleton (Crypt:2)
  5 hydra simulacra
  2 naga skeletons
  7 floating eyes
  2 glowing shapeshifter skeletons
  60 orc warriors
  2 fire dragon simulacra
  A sky beast (D:7)
  An ice beast (shapeshifter) (Vaults:5)
  10 ogres
  5 ettin simulacra
  6 ice beasts
  16 wolves
  9 centaurs
  An elf zombie (Elf:1)
  A phantom (D:4)
  2 gnoll sergeants
  2 kobold brigands
  A bullfrog (shapeshifter) (Elf:3)
  13 bullfrogs
  5 necrophages
  5 scorpions
  4 naga simulacra
  A draconian skeleton (Crypt:1)
  11 earth elementals
  A warg zombie (Crypt:3)
  14 wights
  8 killer bees (D:8)
  A polar bear zombie (Crypt:2)
  5 electric eels
  A troll skeleton (Crypt:3)
  5 howler monkeys
  A human simulacrum (Vaults:2)
  A jelly (D:4)
  28 orc priests
  3 iguanas
  32 orc wizards
  17 hell rats
  A killer bee zombie (Crypt:3)
  21 small abominations
  4 centaur simulacra
  An ogre skeleton (Crypt:1)
  43 mummies
  A howler monkey zombie (Crypt:3)
  8 gnolls
  6 adders
  5 river rats (D:8)
  A shadow imp (Abyss:2)
  3 white imps
  A howler monkey simulacrum (D:9)
  3 ufetubi
  2 jelly zombies
  A worm (D:2)
  2 dart slugs (D:1)
  102 orcs
  11 endoplasms
  2 giant cockroaches
  4 goblins (D:8)
  3 hobgoblins
  6 jackals
  20 kobolds
  6 quokkas
  10 ball pythons
  A ball python skeleton (Crypt:2)
  7 bats
  3 frilled lizards
  A goblin skeleton (Crypt:2)
  A quokka skeleton (Crypt:1)
  A quokka zombie (Crypt:3)
  17 rats
  4 creeping infernos
  2 fire vortices
  15 starspawn tentacles
4570 creatures vanquished.

Vanquished Creatures (collateral kills)
  Antaeus (Coc:7)
  A golden dragon (Vaults:5)
  A tentacled monstrosity (Vaults:5)
  A titan (Vaults:5)
  A tengu reaver (Depths:3)
  A fire giant (Vaults:5)
  A wendigo (Coc:7)
  3 iron golems
  A shock serpent (shapeshifter) (Depths:3)
  An ironbound convoker (Vaults:5)
  A manticore (shapeshifter) (Vaults:5)
13 creatures vanquished.

Vanquished Creatures (others)
  An eldritch tentacle (Pan)
  A deep elf knight (Elf:1)
  A hornet (Spider:4)
  A ball lightning (Pan)
  A fire vortex (Geh:7)
  6 starspawn tentacles
11 creatures vanquished.

Grand Total: 4594 creatures vanquished

Notes
Turn   | Place    | Note
-------+----------+-------------------------------------------
     0 | D:1      | raetorn the Meteoran Earth Elementalist began the quest for
                  | the Orb.
     0 | D:1      | Reached XP level 1. HP: 14/14 MP: 5/5
    70 | D:2      | Found Ymiwom's Magic Scroll Boutique.
   124 | D:1      | Reached XP level 2. HP: 20/20 MP: 5/7
   166 | D:1      | Learned a level 2 spell: Passwall
   176 | D:1      | HP: 18/20 [dart slug/slug dart (2)]
   181 | D:1      | HP: 13/20 [dart slug/slug dart (2)]
   189 | D:1      | HP: 17/20 [bat (1)]
   326 | D:1      | HP: 18/20 [jackal (2)]
   328 | D:1      | Reached XP level 3. HP: 25/26 MP: 5/8
   363 | D:1      | HP: 25/26 [bat (1)]
   396 | D:1      | Learned a level 3 spell: Stone Arrow
   563 | D:3      | Reached skill level 1 in Conjurations
   563 | D:3      | Reached XP level 4. HP: 33/33 MP: 10/10
   602 | D:2      | Found a faded altar of an unknown god.
   612 | D:2      | Prayed at the altar of an unknown god.
   612 | D:2      | Became a worshipper of Vehumet
   612 | D:2      | Reached * piety under Vehumet
   612 | D:2      | Offered knowledge of Shock by Vehumet.
   823 | D:2      | HP: 31/33 [endoplasm (2)]
   974 | D:2      | Reached XP level 5. HP: 38/38 MP: 9/12
  1053 | D:2      | Bought a scroll of identify for 28 gold pieces
  1053 | D:2      | Bought a scroll of teleportation for 42 gold pieces
  1160 | D:4      | Noticed Menkaure
  1162 | D:4      | HP: 37/38 [orc wizard/+0 dagger (1)]
  1169 | D:3      | HP: 32/38 [orc wizard/+0 dagger (1)]
  1175 | D:3      | Reached skill level 5 in Earth Magic
  1197 | D:3      | HP: 37/38 [bat (1)]
  1216 | D:3      | Found a hide-covered altar of Uskayaw.
  1222 | D:3      | Identified the +10 double sword "Gukohecs" {venom, Dex+2
                  | SInv Stlth+}
  1283 | D:4      | HP: 34/38 [orc/silver boomerang (4)]
  1287 | D:4      | Reached XP level 6. HP: 39/45 MP: 1/13
  1373 | D:3      | HP: 42/45 [adder (3)]
  1440 | D:3      | Found an ornate altar of the Wu Jian Council.
  1490 | D:4      | Offered knowledge of Magic Dart by Vehumet.
  1492 | D:4      | HP: 41/45 [frozen (4)]
  1566 | D:4      | Reached ** piety under Vehumet
  1645 | D:4      | HP: 44/45 [adder (1)]
  1650 | D:4      | Reached skill level 5 in Conjurations
  1650 | D:4      | Reached XP level 7. HP: 40/50 MP: 8/14
  1650 | D:4      | HP: 38/50 [poisoned by a scorpion]
  1692 | D:5      | Entered Level 5 of the Dungeon
  1749 | D:4      | Killed Menkaure
  1750 | D:4      | Reached skill level 1 in Fighting
  1754 | D:4      | HP: 41/52 [orc priest/nerve-wracking pain (11)]
  1783 | D:4      | Found a sacrificial altar of Ru.
  1783 | D:4      | Found a shadowy altar of Dithmenos.
  1896 | D:5      | Found a glowing golden altar of the Shining One.
  1909 | D:5      | Found a sparkling altar of Nemelex Xobeh.
  1913 | D:5      | HP: 50/56 [scorpion (6)]
  1917 | D:5      | Reached XP level 8. HP: 42/63 MP: 9/15
  1918 | D:5      | HP: 37/63 [poisoned by a scorpion]
  1923 | D:6      | HP: 58/63 [poisoned by a scorpion]
  1967 | D:5      | Found an opulent altar of Gozag.
  1977 | D:5      | Found a blossoming altar of Fedhas.
  2113 | D:6      | HP: 65/66 [scorpion (1)]
  2118 | D:6      | Reached skill level 1 in Long Blades
  2118 | D:6      | HP: 54/66 [poisoned by a scorpion]
  2131 | D:6      | HP: 51/66 [gnoll/+0 spear[a gnoll sergeant] (10)]
  2162 | D:6      | Reached skill level 5 in Spellcasting
  2168 | D:6      | HP: 52/66 [wight/+4 halberd (14)]
  2207 | D:6      | HP: 61/66 [orc wizard/magic dart (5)]
  2218 | D:6      | Found a staircase to the Ecumenical Temple.
  2322 | D:6      | Offered knowledge of Dazzling Flash by Vehumet.
  2354 | D:6      | Gained mutation: You passively map the area around you.
                  | [Meteoran growth]
  2354 | D:6      | Reached XP level 9. HP: 71/71 MP: 13/20
  2380 | D:6      | HP: 67/71 [orc/+0 whip (4)]
  2512 | D:6      | HP: 64/71 [iguana (7)]
  2567 | D:6      | HP: 60/71 [iguana (11)]
  2695 | D:7      | HP: 67/71 [wight/+0 halberd (4)]
  2733 | D:7      | Identified the +5 hand axe of Zoeseabo {venom, +Blink}
  2747 | D:7      | HP: 68/71 [orc/+0 club (3)]
  2749 | D:7      | Reached *** piety under Vehumet
  2772 | D:7      | HP: 58/71 [wight/+2 scimitar of protection (13)]
  2775 | D:7      | HP: 28/66 [wight/+2 scimitar of protection (11)]
  2786 | D:7      | HP: 30/67 [wight/+0 hand axe (7)]
  2788 | D:7      | Reached skill level 10 in Spellcasting
  2821 | D:8      | HP: 58/69 [gnoll sergeant/+0 trident (10)]
  2866 | D:7      | Found a stormy altar of Qazlal.
  2923 | D:7      | Found a white marble altar of Elyvilon.
  2929 | D:7      | HP: 70/71 [bullfrog (1)]
  2949 | D:7      | Reached XP level 10. HP: 78/78 MP: 19/26
  3038 | D:7      | HP: 71/78 [white imp/puff of frost (7)]
  3058 | D:7      | Found a broken altar of Ashenzari.
  3222 | D:8      | Offered knowledge of Mephitic Cloud by Vehumet.
  3227 | D:8      | HP: 71/78 [orc wizard/magic dart (7)]
  3232 | D:8      | HP: 50/78 [orc/+0 dagger (1)]
  3240 | D:8      | Learned a level 3 spell: Mephitic Cloud
  3318 | D:8      | HP: 74/78 [killer bee (4)]
  3325 | D:8      | HP: 71/78 [hell rat (7)]
  3337 | D:8      | HP: 70/78 [river rat (6)]
  3339 | D:8      | Reached **** piety under Vehumet
  3351 | D:8      | HP: 75/79 [river rat (3)]
  3366 | D:8      | HP: 77/80 [water moccasin (3)]
  3367 | D:8      | Offered knowledge of Olgreb's Toxic Radiance by Vehumet.
  3371 | D:8      | HP: 38/78 [poisoned by a water moccasin]
  3391 | D:8      | HP: 60/78 [orc wizard/puff of flame (5)]
  3406 | D:8      | Reached skill level 5 in Fighting
  3490 | D:8      | HP: 80/81 [killer bee (1)]
  3518 | D:8      | Learned a level 4 spell: Olgreb's Toxic Radiance
  3637 | D:8      | HP: 74/81 [yak (7)]
  3638 | D:8      | Reached skill level 1 in Poison Magic
  3665 | D:8      | Found a bloodstained altar of Trog.
  3665 | D:8      | HP: 82/83 [kobold/stone (1)]
  3688 | D:8      | HP: 77/83 [orc/+0 hand axe (6)]
  3702 | D:8      | Found a glowing silver altar of Zin.
  3754 | D:8      | HP: 75/83 [killer bee (8)]
  3758 | D:8      | HP: 37/83 [poisoned by a killer bee]
  3763 | D:8      | HP: 38/83 [poisoned by a killer bee]
  3767 | D:8      | Reached XP level 11. HP: 40/89 MP: 24/29
  3767 | D:8      | Identified the +6 short sword "Ezul" {elec, rElec Will+
                  | Int+3}
  3800 | D:8      | Reached ***** piety under Vehumet
  3921 | D:9      | Found a staircase to the Orcish Mines.
  3929 | D:9      | Offered knowledge of Fireball by Vehumet.
  3929 | D:9      | HP: 87/89 [kobold/stone (2)]
  3934 | D:9      | HP: 75/89 [poisoned by a kobold brigand (curare-tipped
                  | dart)]
  3943 | D:9      | Learned a level 5 spell: Fireball
  4009 | D:9      | HP: 83/89 [orc warrior/+0 short sword (6)]
  4014 | D:9      | Reached skill level 1 in Fire Magic
  4014 | D:9      | HP: 55/89 [orc priest/+0 heavy flail (13)]
  4022 | D:9      | HP: 55/89 [wyvern (13)]
  4047 | D:9      | Noticed a cyclops
  4051 | D:9      | Noticed Psyche
  4056 | D:9      | Killed a cyclops
  4063 | D:9      | HP: 86/89 [Psyche/+0 dagger of chaos (3)]
  4064 | D:9      | Killed Psyche
  4116 | D:10     | Entered Level 10 of the Dungeon
  4122 | D:9      | Found a runed translucent gate.
  4123 | D:9      | Found a runed translucent gate.
  4124 | D:9      | Found a runed translucent gate.
  4146 | D:9      | Noticed velnius's ghost (novice HOFi)
  4148 | D:9      | HP: 88/89 [ice beast (1)]
  4165 | D:9      | HP: 77/89 [white imp/puff of frost (7)]
  4178 | D:9      | HP: 80/89 [ice devil (2)]
  4182 | D:9      | HP: 28/89 [ice devil (13)]
  4187 | D:9      | Reached skill level 5 in Fire Magic
  4221 | D:9      | HP: 71/89 [velnius's ghost (9)]
  4223 | D:9      | Killed velnius's ghost
  4262 | D:9      | HP: 87/89 [ice beast (2)]
  4276 | D:9      | Got the ring of the Thieving Gods {Fire Stlth+}
  4328 | D:10     | HP: 85/89 [something (4)]
  4333 | D:10     | HP: 69/89 [unseen horror (3)]
  4430 | D:10     | Found a radiant altar of Vehumet.
  4489 | D:10     | HP: 87/89 [orc/+0 flail (2)]
  4510 | D:11     | HP: 88/89 [orc wizard/+0 dagger (1)]
  4543 | D:10     | HP: 81/89 [yak (8)]
  4554 | D:10     | Found a staircase to the Lair.
  4696 | Lair:1   | Entered Level 1 of the Lair of Beasts
  4696 | Lair:1   | Noticed a black mamba
  4698 | Lair:1   | HP: 80/90 [black mamba (10)]
  4700 | Lair:1   | Reached XP level 12. HP: 82/97 MP: 19/31
  4770 | Lair:1   | Learned a level 5 spell: Borgnjor's Vile Clutch
  4848 | Lair:1   | Learned a level 5 spell: Freezing Cloud
  4870 | Lair:1   | Reached skill level 1 in Necromancy
  4894 | Lair:2   | HP: 96/100 [bullfrog (4)]
  4912 | Lair:2   | HP: 94/100 [wolf (6)]
  4920 | Lair:2   | Reached skill level 1 in Air Magic
  4922 | Lair:2   | Reached skill level 1 in Ice Magic
  5001 | Lair:2   | Found a dark tunnel.
  5009 | Volcano  | Entered a volcano
  5025 | Volcano  | Noticed a red draconian
  5026 | Volcano  | HP: 95/100 [red draconian/searing blast (5)]
  5030 | Volcano  | Killed a red draconian
  5031 | Volcano  | Reached skill level 5 in Dodging
  5040 | Volcano  | HP: 77/100 [centaur/arrow (7)]
  5064 | Volcano  | Noticed a centaur warrior
  5066 | Volcano  | HP: 67/100 [centaur warrior/+1 eveningstar of flaming (22)]
  5071 | Volcano  | Killed a centaur warrior
  5094 | Volcano  | Reached skill level 5 in Poison Magic
  5248 | Lair:2   | HP: 82/98 [something (16)]
  5272 | Lair:2   | Reached XP level 13. HP: 103/107 MP: 6/32
  5402 | Lair:3   | Noticed a six-headed hydra
  5405 | Lair:3   | Killed a six-headed hydra
  5407 | Lair:3   | Noticed Nergalle
  5409 | Lair:3   | Killed Nergalle
  5425 | Lair:3   | HP: 79/107 [komodo dragon (28)]
  5430 | Lair:3   | HP: 87/107 [yak (4)]
  5435 | Lair:3   | HP: 63/107 [komodo dragon (29)]
  5440 | Lair:3   | Reached skill level 15 in Spellcasting
  5447 | Lair:3   | Found a staircase to the Shoals.
  5449 | Lair:3   | HP: 97/107 [harpy (10)]
  5461 | Lair:3   | HP: 101/107 [wolf (6)]
  5466 | Lair:3   | HP: 97/107 [harpy (6)]
  5494 | Lair:3   | HP: 101/107 [bullfrog (6)]
  5499 | Lair:3   | HP: 98/107 [electric eel/bolt of electricity (9)]
  5502 | Lair:3   | Offered knowledge of Arcjolt by Vehumet.
  5609 | Lair:4   | Noticed a death yak
  5611 | Lair:4   | Noticed a death yak
  5611 | Lair:4   | Noticed a seven-headed hydra
  5612 | Lair:4   | Killed a death yak
  5629 | Lair:3   | HP: 96/108 [harpy (12)]
  5633 | Lair:3   | HP: 36/108 [jumping spider (18)]
  5634 | Lair:3   | HP: 16/108 [jumping spider (5)]
  5713 | Lair:3   | Found a hole to the Spider Nest.
  5725 | Lair:3   | HP: 94/108 [yak (14)]
  5815 | Lair:4   | Reached skill level 1 in Shields
  5815 | Lair:4   | Reached skill level 1 in Evocations
  5925 | Lair:4   | HP: 93/108 [blink frog (15)]
  5928 | Lair:4   | Reached skill level 5 in Air Magic
  5943 | Lair:4   | Reached XP level 14. HP: 116/116 MP: 30/34
  5970 | Lair:4   | HP: 108/116 [yak (8)]
  6062 | Lair:4   | Reached skill level 5 in Necromancy
  6087 | Lair:4   | HP: 109/116 [elephant (7)]
  6097 | Lair:4   | HP: 104/116 [elephant (9)]
  6131 | Lair:4   | HP: 114/116 [elephant (2)]
  6148 | Lair:4   | HP: 107/118 [torpor snail (11)]
  6152 | Lair:4   | Reached skill level 5 in Ice Magic
  6191 | Lair:5   | Entered Level 5 of the Lair of Beasts
  6196 | Lair:5   | HP: 102/118 [komodo dragon (16)]
  6260 | Lair:5   | HP: 113/118 [wolf (5)]
  6273 | Lair:5   | HP: 104/118 [wolf (8)]
  6296 | Lair:5   | HP: 113/118 [death yak (5)]
  6302 | Lair:4   | HP: 91/118 [elephant (7)]
  6306 | Lair:4   | HP: 45/118 [elephant (16)]
  6307 | Lair:4   | HP: 14/118 [elephant (14)]
  6389 | Lair:4   | Offered knowledge of Plasma Beam by Vehumet.
  6403 | Lair:4   | Learned a level 6 spell: Plasma Beam
  6496 | Lair:5   | HP: 106/118 [electric eel/bolt of electricity (12)]
  6501 | Lair:5   | HP: 93/118 [something (9)]
  6503 | Lair:5   | Reached XP level 15. HP: 86/125 MP: 5/35
  6627 | Lair:5   | HP: 104/125 [death yak (21)]
  6709 | Lair:5   | Found a viscous altar of Jiyva.
  6709 | Lair:5   | Found a staircase to the Slime Pits.
  6725 | Lair:5   | Identified the +2 trident of Cataclysm {vamp, rElec Will+
                  | Int-2 Dex+5}
  6958 | Lair:5   | HP: 115/125 [smoke demon/divine providence (10)]
  7000 | Lair:5   | HP: 118/125 [blink frog (7)]
  7001 | Lair:5   | Reached skill level 10 in Conjurations
  7042 | Lair:5   | HP: 114/126 [small abomination (12)]
  7047 | Lair:5   | HP: 104/126 [blink frog (8)]
  7176 | Lair:5   | HP: 122/126 [small abomination (4)]
  7190 | Lair:5   | HP: 118/126 [thrashing horror (8)]
  7259 | Lair:5   | Reached skill level 5 in Shields
  7263 | Lair:5   | HP: 121/126 [blink frog (5)]
  7268 | Lair:5   | HP: 121/126 [blink frog (2)]
  7272 | Lair:5   | Reached skill level 5 in Evocations
  7300 | Lair:5   | HP: 118/126 [smoke demon/divine providence (8)]
  7333 | Lair:5   | HP: 123/126 [thrashing horror (3)]
  7338 | Lair:5   | HP: 110/126 [thrashing horror (11)]
  7347 | Lair:5   | HP: 99/126 [ancient zyme (14)]
  7433 | Lair:5   | HP: 124/126 [smoke demon/sticky flame (2)]
  7457 | Lair:5   | Found a corrupted altar of Lugonu.
  7457 | Lair:5   | Found a one-way gate to the infinite horrors of the Abyss.
  7604 | Spider:1 | Entered Level 1 of the Spider Nest
  7608 | Spider:1 | Offered knowledge of Starburst by Vehumet.
  7609 | Spider:1 | Reached skill level 10 in Fighting
  7614 | Spider:1 | Noticed a broodmother
  7615 | Lair:3   | HP: 124/126 [demonic crawler (2)]
  7625 | Lair:3   | Learned a level 6 spell: Starburst
  7628 | Spider:1 | HP: 109/126 [jumping spider (1)]
  7634 | Spider:1 | Killed a broodmother
  7634 | Spider:1 | HP: 56/126 [culicivora[a jorogumo] (17)]
  7637 | Spider:1 | Reached XP level 16. HP: 50/134 MP: 37/37
  7656 | Spider:1 | HP: 23/134 [disintegration (38)]
  7660 | Spider:1 | HP: 9/134 [disintegration (50)]
  7694 | Lair:3   | Glimpsed the power of Zot.
  7699 | Spider:1 | HP: 39/135 [demonic crawler (14)]
  7700 | Spider:1 | HP: 18/135 [demonic crawler (9)]
  7737 | Spider:1 | HP: 123/135 [jumping spider (12)]
  7761 | Spider:1 | HP: 124/135 [steelbarb worm (11)]
  7766 | Spider:1 | HP: 80/135 [steelbarb worm (9)]
  7835 | Spider:1 | HP: 113/135 [boulder beetle (22)]
  7861 | Spider:1 | HP: 120/136 [culicivora (6)]
  7866 | Spider:1 | HP: 106/136 [culicivora (4)]
  7869 | Spider:1 | Reached ****** piety under Vehumet
  7889 | Spider:1 | HP: 119/136 [jumping spider (1)]
  8065 | Spider:2 | HP: 133/136 [wolf spider (3)]
  8066 | Spider:2 | Noticed Aizul
  8070 | Spider:2 | HP: 87/136 [poisoned by Aizul (bolt of poison)]
  8072 | Spider:2 | HP: 39/136 [Aizul (19)]
  8077 | Spider:2 | HP: 8/136 [Aizul (12)]
  8079 | Spider:2 | Killed Aizul
  8195 | Spider:2 | HP: 131/136 [culicivora (5)]
  8302 | Spider:2 | Learned a level 5 spell: Iskenderun's Battlesphere
  8412 | Spider:2 | HP: 127/136 [tarantella[a torpor snail] (9)]
  8417 | Spider:2 | HP: 92/136 [torpor snail (7)]
  8423 | Spider:2 | Offered knowledge of Irradiate by Vehumet.
  8484 | Spider:3 | HP: 126/136 [redback (10)]
  8489 | Spider:3 | HP: 80/136 [demonic crawler (14)]
  8601 | Spider:3 | HP: 132/137 [wolf spider (5)]
  8610 | Spider:3 | Noticed a ghost moth
  8612 | Spider:3 | HP: 128/137 [ghost moth (9)]
  8614 | Spider:3 | Killed a ghost moth
  8615 | Spider:3 | Reached XP level 17. HP: 125/144 MP: 5/39
  8617 | Spider:3 | Noticed Mara
  8619 | Spider:3 | HP: 119/144 [spark wasp (15)]
  8621 | Spider:3 | Noticed raetorn's illusion
  8623 | Spider:3 | HP: 36/144 [spark wasp (25)]
  8701 | Spider:3 | HP: 114/144 [spark wasp/living lightning (8)]
  8707 | Spider:3 | HP: 91/144 [spark wasp (14)]
  8709 | Spider:3 | Noticed raetorn's illusion
  8709 | Spider:3 | HP: 15/142 [Mara (illusionary)/bolt of fire (54)]
  8869 | Spider:3 | HP: 122/142 [Mara (illusionary)/+4 demon whip of draining
                  | (20)]
  8870 | Spider:3 | HP: 53/133 [Mara (illusionary)/bolt of fire (40)]
  8871 | Spider:3 | HP: 25/127 [Mara (illusionary)/+4 demon whip of draining
                  | (6)]
  8871 | Spider:3 | HP: 10/127 [Mara/+4 demon whip of draining (15)]
  8871 | Spider:3 | HP: 4/123 [Mara/+4 demon whip of draining (6)]
  9167 | Spider:3 | HP: 120/123 [boulder beetle[a torpor snail] (3)]
  9172 | Spider:3 | HP: 79/127 [poisoned by a redback]
  9177 | Spider:3 | HP: 75/128 [poisoned by a redback]
  9182 | Spider:3 | HP: 77/131 [jumping spider (9)]
  9247 | Spider:3 | Learned a level 5 spell: Irradiate
  9285 | Spider:4 | Entered Level 4 of the Spider Nest
  9288 | Spider:4 | HP: 125/135 [poisoned by a redback]
  9293 | Spider:4 | HP: 86/137 [poisoned by a redback]
  9298 | Spider:4 | HP: 43/138 [poisoned by a redback]
  9307 | Spider:4 | HP: 50/146 [wolf spider simulacrum (7)]
  9315 | Spider:4 | HP: 62/146 [entropy weaver (5)]
  9315 | Spider:4 | HP: 25/146 [redback (10)]
  9363 | Spider:4 | HP: 119/146 [wolf spider (7)]
  9388 | Spider:4 | HP: 134/146 [redback (12)]
  9412 | Spider:4 | Offered knowledge of Iron Shot by Vehumet.
  9413 | Spider:4 | HP: 138/146 [redback (8)]
  9490 | Spider:4 | HP: 137/146 [jumping spider (9)]
  9496 | Spider:4 | HP: 139/146 [wolf spider (1)]
  9531 | Spider:4 | HP: 142/146 [redback (4)]
  9536 | Spider:4 | HP: 117/146 [poisoned by a redback]
  9541 | Spider:4 | HP: 109/146 [poisoned by a redback]
  9564 | Spider:4 | HP: 82/146 [ghost moth (13)]
  9573 | Spider:4 | HP: 63/146 [wolf spider (2)]
  9575 | Spider:4 | HP: 29/146 [poisoned by a wolf spider]
  9580 | Spider:4 | HP: 21/146 [poisoned by a wolf spider]
  9707 | Spider:4 | HP: 121/146 [spark wasp (25)]
  9714 | Spider:4 | HP: 61/146 [emperor scorpion (8)]
  9719 | Spider:4 | HP: 48/146 [poisoned by a redback]
  9721 | Spider:4 | HP: 23/146 [poisoned by a redback]
  9721 | Spider:4 | HP: 4/146 [pharaoh ant (19)]
  9796 | Spider:4 | HP: 106/146 [emperor scorpion (4)]
  9868 | Spider:4 | HP: 140/146 [hornet (6)]
  9873 | Spider:4 | HP: 116/146 [poisoned by a hornet]
  9875 | Spider:4 | Got a gossamer rune of Zot
  9893 | Spider:4 | Glimpsed the power of Zot.
  9941 | Spider:2 | Glimpsed the power of Zot.
  9981 | Spider:2 | Glimpsed the power of Zot.
  9991 | Spider:1 | Touched by the power of Zot.
 10053 | Lair:1   | Glimpsed the power of Zot.
 10120 | D:11     | HP: 111/116 [orc priest/+0 trident (5)]
 10221 | D:11     | HP: 109/116 [orc priest/divine providence (7)]
 10233 | D:11     | HP: 113/116 [orc warrior/+0 flail (1)]
 10239 | D:11     | HP: 94/116 [orc/+0 short sword (1)]
 10304 | D:11     | Noticed Josephine
 10308 | D:11     | Killed Josephine
 10349 | D:11     | HP: 111/116 [troll (5)]
 10432 | D:11     | HP: 114/116 [wraith (2)]
 10463 | D:11     | Learned a level 6 spell: Iron Shot
 10535 | D:11     | HP: 110/116 [vampire mosquito (6)]
 10599 | D:11     | Found a blossoming altar of Fedhas.
 10667 | D:12     | HP: 102/116 [manticore/volley of spikes (14)]
 10713 | D:12     | HP: 107/116 [wraith (9)]
 10764 | D:12     | HP: 109/116 [vampire mosquito (7)]
 10767 | D:12     | Noticed Sonja
 10768 | D:12     | Killed Sonja
 10769 | D:12     | Gained mutation: You passively map a large area around you.
                  | [Meteoran growth]
 10769 | D:12     | Reached XP level 18. HP: 104/124 MP: 28/42
 10836 | D:12     | Noticed Jorgrun
 10837 | D:12     | HP: 116/124 [constriction (8)]
 10840 | D:12     | Killed Jorgrun
 10925 | D:12     | Identified the +7 longbow "Kyixuawkil" {antimagic, rF+
                  | Str+4 Dex+3}
 11074 | D:13     | Found a gate to the Vaults.
 11158 | D:14     | Offered knowledge of Ignition by Vehumet.
 11164 | D:14     | HP: 115/124 [something (9)]
 11185 | D:13     | HP: 121/124 [howler monkey (3)]
 11238 | D:14     | HP: 120/124 [tengu warrior/+0 battleaxe (4)]
 11243 | D:14     | HP: 77/124 [deep elf pyromancer/+0 dagger (1)]
 11267 | D:14     | HP: 74/124 [cyclops (10)]
 11282 | D:14     | Found Ciar's Antique Artefacts.
 11290 | D:14     | Bought a bound lapis lazuli ring for 165 gold pieces
 11290 | D:14     | Identified the ring "Kepn" {Ice Drain Dex+5} (You bought it
                  | in a shop on level 14 of the Dungeon)
 11290 | D:14     | Bought a scorched silver amulet for 165 gold pieces
 11290 | D:14     | Identified the amulet "Giuturus" {Reflect rN+ MP+9 Str+4
                  | SH+5 Stlth+} (You bought it in a shop on level 14 of the
                  | Dungeon)
 11290 | D:14     | Bought a pitted turquoise ring for 165 gold pieces
 11290 | D:14     | Identified the ring of Untruth {rCorr MP+9 Int+3} (You
                  | bought it in a shop on level 14 of the Dungeon)
 11290 | D:14     | Bought a pair of ancient boots for 313 gold pieces
 11290 | D:14     | Identified the +3 pair of boots of Okhlediad {Harm Slay+6}
                  | (You bought it in a shop on level 14 of the Dungeon)
 11290 | D:14     | Bought a scorched leather armour for 231 gold pieces
 11290 | D:14     | Identified the +0 leather armour "Fouhameli" {Int+4} (You
                  | bought it in a shop on level 14 of the Dungeon)
 11333 | D:14     | Found a flickering gateway to a bazaar.
 11342 | Bazaar   | Entered a bazaar
 11344 | Bazaar   | Found Aroq's Book Boutique.
 11348 | Bazaar   | Found Situny's Book Boutique.
 11348 | Bazaar   | Found Aschidd's General Store.
 11348 | Bazaar   | Found Saeser's Armour Boutique.
 11353 | Bazaar   | Bought a potion of heal wounds for 55 gold pieces
 11353 | Bazaar   | Bought a potion of heal wounds for 55 gold pieces
 11369 | Bazaar   | Bought a +2 helmet of intelligence for 279 gold pieces
 11410 | D:14     | Learned a level 8 spell: Ignition
 11642 | D:13     | Found Haida's Dragon-Slaying Spoils.
 11713 | D:13     | HP: 112/124 [efreet/fireball (12)]
 11735 | D:13     | HP: 119/124 [something/puff of flame (4)]
 11748 | D:13     | HP: 120/124 [orc warrior/+0 short sword (4)]
 11796 | D:13     | HP: 121/124 [orc warrior/bolt (3)]
 11801 | D:13     | HP: 122/124 [orc warrior/+0 short sword (2)]
 11807 | D:13     | HP: 113/124 [orc warrior/+0 trident (11)]
 11814 | D:13     | HP: 102/124 [orc knight/+0 dire flail (18)]
 12033 | Orc:1    | Entered Level 1 of the Orcish Mines
 12033 | Orc:1    | Found Efoyv's General Store.
 12041 | Orc:1    | Bought a potion of magic for 96 gold pieces
 12041 | Orc:1    | Bought a scroll of teleportation for 36 gold pieces
 12041 | Orc:1    | Bought a scroll of fog for 48 gold pieces
 12161 | Orc:2    | Entered Level 2 of the Orcish Mines
 12170 | Orc:2    | Found a staircase to the Elven Halls.
 12229 | Orc:2    | Noticed Urug
 12234 | Orc:2    | Killed Urug
 12235 | Orc:2    | Reached skill level 10 in Fire Magic
 12238 | Orc:2    | Offered knowledge of Shatter by Vehumet.
 12238 | Orc:2    | Offered knowledge of Chain Lightning by Vehumet.
 12238 | Orc:2    | Offered knowledge of Polar Vortex by Vehumet.
 12239 | Orc:2    | Noticed Saint Roka
 12241 | Orc:2    | HP: 108/124 [Saint Roka/divine providence (16)]
 12247 | Orc:2    | HP: 70/124 [orc warrior/+2 heavy scimitar[Saint Roka] (7)]
 12248 | Orc:2    | Killed Saint Roka
 12408 | Orc:2    | HP: 117/124 [orc knight/+2 war axe (7)]
 12413 | Orc:2    | HP: 109/124 [shot self (13)]
 12420 | Orc:2    | Found Gekutrol's Distillery.
 12420 | Orc:2    | Found Ovasubb's Antique Weapon Shop.
 12421 | Orc:2    | Found Maluagutt's General Store.
 12421 | Orc:2    | Found Geudd's Armour Shoppe.
 12433 | Orc:2    | Bought a potion of heal wounds for 70 gold pieces
 12435 | Orc:2    | Bought a potion of curing for 39 gold pieces
 12435 | Orc:2    | Bought a potion of resistance for 130 gold pieces
 12558 | Orc:2    | Found a gate leading to a gauntlet.
 12567 | Gauntlet | Entered a Gauntlet
 12567 | Gauntlet | Found a transporter.
 12574 | Gauntlet | Found a transporter.
 12576 | Gauntlet | Found a transporter.
 12605 | Gauntlet | Found a transporter.
 12607 | Gauntlet | Found a transporter.
 12611 | Gauntlet | Found a runed translucent door.
 12611 | Gauntlet | Found a runed translucent door.
 12616 | Gauntlet | Found a transporter.
 12632 | Gauntlet | Found a transporter.
 12642 | Gauntlet | Found a transporter.
 12652 | Gauntlet | Found a transporter.
 12666 | Gauntlet | Found a transporter.
 12675 | Gauntlet | Found a transporter.
 12681 | Gauntlet | Found a transporter.
 12730 | Gauntlet | Found a transporter.
 12750 | Gauntlet | Identified the ring "Dolamic" {rF+ Will+ Int+4 SInv}
 12769 | Gauntlet | Identified the +5 war axe "Xelakh" {spect, rC+ Will+ Str+3}
 12775 | Gauntlet | Got the Handbook of Creeping Doom
 12867 | Elf:1    | Entered Level 1 of the Elven Halls
 12876 | Elf:1    | HP: 121/124 [deep elf pyromancer/+0 long sword (3)]
 12881 | Elf:1    | HP: 104/124 [fire elemental[a deep elf pyromancer] (4)]
 13026 | Elf:2    | HP: 115/124 [deep elf zephyrmancer/bolt of lightning (9)]
 13086 | Elf:1    | HP: 118/124 [+2 heavy long sword (6)]
 13102 | Elf:2    | HP: 106/124 [deep elf archer/arrow (18)]
 13108 | Elf:2    | Reached XP level 19. HP: 98/130 MP: 44/44
 13110 | Elf:2    | HP: 100/130 [air elemental/stunning burst (1)]
 13111 | Elf:2    | Paralysed by an air elemental for 1 turns
 13115 | Elf:2    | HP: 93/130 [fire elemental[a deep elf pyromancer] (6)]
 13120 | Elf:1    | HP: 93/130 [deep elf pyromancer/+0 short sword (2)]
 13149 | Elf:1    | HP: 107/130 [deep elf archer/arrow (23)]
 13167 | Elf:1    | HP: 125/130 [deep elf zephyrmancer/+0 long sword (5)]
 13175 | Elf:1    | HP: 107/130 [deep elf pyromancer/+0 long sword (10)]
 13205 | Elf:1    | HP: 124/130 [burnt (6)]
 13210 | Elf:1    | HP: 85/130 [burnt (6)]
 13278 | Elf:1    | Found a frozen archway.
 13281 | Elf:1    | HP: 100/130 [+4 vampiric glaive (30)]
 13292 | IceCv    | Entered an ice cave
 13322 | IceCv    | HP: 113/130 [something (17)]
 13411 | IceCv    | HP: 114/130 [something (16)]
 13448 | IceCv    | Noticed a shard shrike
 13454 | IceCv    | HP: 117/130 [ironbound frostheart/creeping frost (13)]
 13462 | IceCv    | HP: 115/130 [ice dragon/blast of cold (12)]
 13470 | IceCv    | HP: 118/130 [rime drake/icy flash freeze (7)]
 13476 | IceCv    | HP: 71/130 [shard shrike (4)]
 13478 | IceCv    | Killed a shard shrike
 13479 | IceCv    | Reached skill level 15 in Fire Magic
 13568 | IceCv    | HP: 117/130 [something (13)]
 13576 | IceCv    | HP: 101/130 [something (5)]
 13603 | IceCv    | HP: 126/130 [rime drake (4)]
 13618 | IceCv    | HP: 117/130 [white ugly thing (13)]
 13625 | IceCv    | HP: 111/130 [rime drake/icy flash freeze (13)]
 13636 | IceCv    | HP: 113/130 [rime drake/icy flash freeze (17)]
 13693 | IceCv    | HP: 122/130 [something (8)]
 13741 | Elf:1    | HP: 76/105 [deep elf archer/arrow (28)]
 13780 | Elf:1    | HP: 106/116 [deep elf zephyrmancer/bolt of lightning (10)]
 13795 | Elf:1    | HP: 101/123 [large abomination (22)]
 13811 | Elf:1    | Got the Incunable of Unholy Liturgies
 13895 | Elf:1    | HP: 117/128 [water elemental (11)]
 13992 | Elf:2    | Found a radiant altar of Vehumet.
 14026 | Elf:2    | HP: 116/130 [deep elf archer/+0 dagger (14)]
 14070 | Elf:2    | HP: 129/132 [burnt (3)]
 14075 | Elf:2    | HP: 119/133 [deep elf knight/arrow (14)]
 14079 | Elf:2    | HP: 57/133 [deep elf archer/arrow (27)]
 14090 | Elf:2    | HP: 44/133 [deep elf zephyrmancer/bolt of lightning (7)]
 14117 | Elf:2    | HP: 128/134 [deep elf pyromancer/bolt of fire (6)]
 14130 | Elf:3    | Entered Level 3 of the Elven Halls
 14135 | Elf:3    | HP: 111/134 [deep elf knight/shard of ice (23)]
 14142 | Elf:3    | Found a portal to a secret trove of treasure.
 14179 | Elf:3    | You paid a toll of 16 scrolls of teleportation to enter a
                  | treasure trove
 14180 | Trove    | Entered a treasure trove
 14239 | Trove    | Got Celur's Incunable of the Tectonic Atmosphere
 14241 | Trove    | Identified the ring of Vastolyi {*Corrode Fly rPois rF+++
                  | AC+4 Dex+3}
 14244 | Trove    | Identified the ring "Zoifinne" {rCorr Dex+2}
 14247 | Trove    | Identified the ring of Siackuri {Fire Contam rPois Int+3}
 14253 | Trove    | Identified the +10 chain mail "Riul Mie" {Harm Str+8 Int-5}
 14264 | Trove    | Got the Essays on Ensorcelling
 14266 | Trove    | Identified the ring of Kefad {rN+ EV+5}
 14269 | Trove    | Identified the staff of earth "Zigubie" {rC++ rN+++ Stlth-}
 14362 | Elf:3    | HP: 117/134 [+2 glaive of protection (17)]
 14474 | Elf:3    | Noticed Louise
 14477 | Elf:3    | Killed Louise
 14480 | Elf:3    | Found Vuitibra's General Store.
 14483 | Elf:3    | HP: 123/135 [deep elf zephyrmancer/bolt of lightning (12)]
 14503 | Elf:3    | Bought a potion of heal wounds for 100 gold pieces
 14519 | Elf:3    | Reached XP level 20. HP: 143/143 MP: 46/46
 14566 | Elf:3    | HP: 141/144 [deep elf zephyrmancer/bolt of lightning (3)]
 14575 | Elf:3    | HP: 133/144 [deep elf high priest/divine providence (11)]
 14587 | Elf:3    | HP: 134/144 [deep elf high priest/a malign offering (10)]
 14590 | Elf:3    | Noticed a Brimstone Fiend
 14595 | Elf:3    | HP: 128/146 [+2 halberd of venom (18)]
 14603 | Elf:3    | Reached skill level 15 in Fighting
 14616 | Elf:3    | HP: 121/148 [deep elf master archer/arrow (27)]
 14669 | Elf:3    | Identified the ring "Bittol" {rPois rCorr Int+3}
 14670 | Elf:3    | HP: 140/148 [deep elf annihilator/bolt of lightning (8)]
 14685 | Elf:3    | HP: 145/148 [deep elf sorcerer/staff of death (3)]
 14694 | Elf:3    | Identified the +4 scimitar "Hell-Harrower" {pain, rElec rF+
                  | Int-5}
 14704 | Elf:3    | Identified the +5 chain mail of Foolhardiness {rC+ Str-3
                  | Dex+2}
 14706 | Elf:3    | Got the Discursus on Cold
 14709 | Elf:3    | Identified the staff of air "Modwuis" {Contam rElec rPois
                  | rC+ rN+}
 14730 | Elf:3    | Identified the +1 dagger of Sulphur {flame, +Blink rPois
                  | Int+3}
 14745 | Elf:3    | Identified the staff of cold "Wasabo" {rC+ Str+4}
 14749 | Elf:3    | Identified the +6 dagger of Pedghur {heavy, *Slow rPois
                  | rCorr}
 14754 | Elf:3    | HP: 145/148 [deep elf pyromancer/bolt of fire (3)]
 14807 | Elf:3    | Got the Almanac of Blows
 14950 | Elf:3    | HP: 128/148 [deep elf archer/arrow (20)]
 15056 | Elf:2    | HP: 136/148 [deep elf zephyrmancer/bolt of lightning (12)]
 15089 | Elf:1    | Glimpsed the power of Zot.
 15139 | Elf:1    | Glimpsed the power of Zot.
 15162 | Orc:1    | Reached XP level 21. HP: 155/155 MP: 48/48
 15162 | Orc:1    | HP: 148/155 [warg (7)]
 15514 | Orc:1    | Reached skill level 10 in Air Magic
 15643 | Orc:1    | Glimpsed the power of Zot.
 16008 | Vaults:1 | Entered Level 1 of the Vaults
 16044 | Vaults:1 | Reached skill level 1 in Armour
 16097 | Vaults:1 | HP: 151/155 [dire elephant (4)]
 16114 | Vaults:1 | HP: 139/155 [wind drake (glowing shapeshifter)/the air
                  | (16)]
 16125 | Vaults:1 | HP: 152/155 [lindwurm (3)]
 16261 | Vaults:1 | Identified the +0 chain mail "Ethownab" {Contam rF+ Slay+4
                  | Stlth+}
 16346 | Vaults:1 | HP: 138/155 [lindwurm/blast of flame (17)]
 16355 | Vaults:1 | Found Ahobru's Magic Scroll Shop.
 16363 | Vaults:1 | Bought a scroll of fear for 64 gold pieces
 16411 | Vaults:1 | HP: 146/156 [ironbound frostheart (10)]
 16417 | Vaults:1 | HP: 82/156 [orc warlord/+2 battleaxe (10)]
 16456 | Vaults:1 | HP: 152/156 [harpy (4)]
 16508 | Vaults:1 | Glimpsed the power of Zot.
 16546 | Vaults:2 | Reached skill level 5 in Armour
 16636 | Vaults:2 | HP: 154/157 [deep troll[an ironbound preserver] (3)]
 16647 | Vaults:2 | Got the Anthology of Energetic Immolation
 16663 | Vaults:2 | HP: 150/157 [ironbound frostheart/creeping frost (7)]
 16689 | Vaults:2 | HP: 150/157 [yaktaur/bolt (7)]
 16698 | Vaults:2 | Reached skill level 15 in Conjurations
 16699 | Vaults:2 | Reached XP level 22. HP: 165/165 MP: 38/49
 16705 | Vaults:2 | HP: 154/165 [centaur warrior/arrow (11)]
 16811 | Vaults:2 | HP: 149/165 [lindwurm/blast of flame (16)]
 16937 | Vaults:3 | Found a staircase to the Crypt.
 17012 | Vaults:3 | HP: 145/166 [yaktaur/bolt[a vault warden] (21)]
 17020 | Vaults:3 | HP: 134/166 [vault warden/+0 great mace (32)]
 17046 | Vaults:3 | Found Bodainus's Antique Weapon Shop.
 17107 | Vaults:3 | Found a magical portal.
 17112 | WizLab   | Entered Iskenderun's Mystic Tower
 17123 | WizLab   | HP: 139/166 [purple draconian/bolt of dispelling energy
                  | (27)]
 17172 | WizLab   | HP: 96/166 [disintegration (70)]
 17268 | WizLab   | HP: 98/166 [disintegration (68)]
 17385 | Vaults:3 | Identified the +3 spear of Gehenna {pain, *Slow rN+ Dex+3
                  | Stlth+}
 17598 | Vaults:4 | Noticed Margery
 17602 | Vaults:4 | HP: 148/166 [hell knight/bolt of fire[Margery] (18)]
 17603 | Vaults:4 | Killed Margery
 17730 | Vaults:4 | HP: 146/166 [yaktaur/bolt (20)]
 17734 | Vaults:4 | Reached XP level 23. HP: 134/172 MP: 51/51
 17777 | Vaults:4 | HP: 168/172 [ironbound frostheart/creeping frost (4)]
 18009 | Vaults:4 | Noticed Sojobo
 18009 | Vaults:4 | HP: 144/172 [tengu reaver/bolt of lightning[Sojobo] (28)]
 18013 | Vaults:4 | Killed Sojobo
 18014 | Vaults:4 | Reached skill level 15 in Air Magic
 18014 | Vaults:4 | HP: 121/172 [tengu reaver/bolt of fire[Sojobo] (13)]
 18019 | Vaults:4 | HP: 108/172 [poisoned by a tengu reaver (bolt of poison)]
 18024 | Vaults:4 | HP: 108/172 [poisoned by a tengu reaver (bolt of poison)]
 18047 | Vaults:4 | HP: 129/172 [ironbound thunderhulk/bolt of lightning (43)]
 18072 | Vaults:4 | HP: 141/172 [large slime creature (27)]
 18300 | Vaults:4 | Learned a level 9 spell: Chain Lightning
 18309 | Vaults:4 | Learned a level 7 spell: Spellforged Servitor
 18314 | Vaults:5 | Entered Level 5 of the Vaults
 18336 | Vaults:5 | HP: 154/172 [deep elf high priest/a malign offering (18)]
 18343 | Vaults:5 | Noticed Jory
 18346 | Vaults:5 | Killed Jory
 18354 | Vaults:5 | HP: 135/172 [storm dragon/bolt of lightning (7)]
 18359 | Vaults:5 | HP: 126/172 [storm dragon/bolt of lightning (13)]
 18373 | Vaults:5 | Noticed a golden dragon
 18375 | Vaults:5 | HP: 105/172 [golden dragon/bolt of fire (6)]
 18378 | Vaults:5 | Killed a golden dragon
 18382 | Vaults:5 | HP: 96/172 [titan/bolt of lightning (10)]
 18399 | Vaults:5 | HP: 136/173 [arc of chain lightning (3)]
 18407 | Vaults:5 | HP: 148/168 [shadow dragon/bolt of negative energy (20)]
 18422 | Vaults:5 | Reached XP level 24. HP: 180/181 MP: 50/51
 18423 | Vaults:5 | HP: 163/177 [tengu reaver/bolt of negative energy (14)]
 18427 | Vaults:5 | Noticed a golden dragon
 18434 | Vaults:5 | HP: 157/179 [something (22)]
 18439 | Vaults:5 | Killed a golden dragon
 18439 | Vaults:5 | HP: 137/179 [arc of chain lightning (3)]
 18441 | Vaults:5 | Identified the +4 lajatang of Beyond {protect, rElec rN+
                  | Stlth+}
 18453 | Vaults:5 | Noticed a dread lich
 18460 | Vaults:5 | HP: 157/184 [dread lich (15)]
 18465 | Vaults:5 | Killed a dread lich
 18521 | Vaults:5 | Got Eskiek Sefoi's Reference Book on the Scorpion and the
                  | Curse
 18534 | Vaults:5 | Found Erphar's Book Shoppe.
 18535 | Vaults:5 | Identified the amulet "Adwiwn" {Reflect Rampage rF+ SH+5
                  | Stlth+}
 18536 | Vaults:5 | Identified the ring "Nicufi" {rN+ Int+2}
 18538 | Vaults:5 | Got the Elucidation of the Blizzard and the Lithosphere
 18540 | Vaults:5 | Bought a Necronomicon for 952 gold pieces
 18561 | Vaults:5 | Identified the ring "Ophoit" {Str+3 Int+6}
 18562 | Vaults:5 | HP: 164/180 [tengu reaver/bolt of negative energy (16)]
 18584 | Vaults:5 | HP: 160/182 [titan/the air (22)]
 18589 | Vaults:5 | Identified the +8 great mace "Uviletol" {venom, MP+9
                  | Stlth+}
 18606 | Vaults:5 | HP: 171/184 [sphinx (13)]
 18651 | Vaults:5 | HP: 174/184 [storm dragon/bolt of lightning (10)]
 18656 | Vaults:5 | HP: 169/184 [tentacled monstrosity (12)]
 18667 | Vaults:5 | HP: 164/184 [shadow dragon (7)]
 18685 | Vaults:5 | Got a silver rune of Zot
 18695 | Vaults:5 | HP: 134/184 [iron dragon/spray of metal splinters (50)]
 18751 | Vaults:5 | HP: 163/184 [stone giant/large rock (21)]
 18761 | Vaults:5 | HP: 152/184 [yaktaur captain/bolt (32)]
 18764 | Vaults:5 | Noticed an ancient lich
 18769 | Vaults:5 | Killed an ancient lich
 18769 | Vaults:5 | HP: 147/184 [arc of chain lightning (14)]
 18782 | Vaults:5 | HP: 160/185 [titan/bolt of lightning (13)]
 18821 | Vaults:5 | Identified the +0 leather armour of the Oily God {SInv}
 18860 | Vaults:5 | HP: 175/185 [storm dragon/bolt of lightning (10)]
 18869 | Vaults:5 | HP: 162/187 [storm dragon/bolt of lightning (13)]
 18877 | Vaults:5 | HP: 155/181 [shadow dragon/bolt of negative energy (26)]
 18901 | Vaults:5 | HP: 161/182 [quicksilver dragon/bolt of dispelling energy
                  | (21)]
 18949 | Vaults:5 | Identified the +7 rapier of Makhleb's Condemnation {venom,
                  | rPois rF+ rC- Will++}
 19016 | Vaults:5 | Identified the +1 falchion of Gravity {pain, rC- rN++}
 19066 | Vaults:5 | Identified a scroll of acquirement
 19066 | Vaults:5 | Acquired a book of Death
 19138 | Vaults:4 | Glimpsed the power of Zot.
 19204 | Vaults:3 | Glimpsed the power of Zot.
 19262 | Vaults:1 | HP: 174/187 [arc of chain lightning (13)]
 19263 | Vaults:1 | Glimpsed the power of Zot.
 19278 | Vaults:1 | Touched by the power of Zot.
 19362 | D:15     | Entered Level 15 of the Dungeon
 19377 | D:15     | HP: 139/149 [something (10)]
 19434 | D:15     | HP: 139/149 [centaur warrior/arrow (10)]
 19440 | D:15     | HP: 141/149 [skeletal warrior/stone (8)]
 19452 | D:15     | HP: 141/149 [arc of chain lightning (8)]
 19547 | D:15     | HP: 135/149 [arc of chain lightning (14)]
 19548 | D:15     | Found a flickering gateway to a bazaar.
 19577 | Bazaar   | Entered a bazaar
 19577 | Bazaar   | Found Kiusocat's Magic Scroll Shoppe.
 19577 | Bazaar   | Found Oggav's Antique Weapon Emporium.
 19581 | Bazaar   | Found Sucylic's General Store.
 19585 | Bazaar   | Bought a scroll of blinking for 120 gold pieces
 19585 | Bazaar   | Bought a scroll of teleportation for 48 gold pieces
 19585 | Bazaar   | Bought a scroll of summoning for 152 gold pieces
 19595 | Bazaar   | Found Ekanne's Armour Emporium.
 19614 | D:15     | HP: 107/150 [flayed ghost/flay_damage (43)]
 19621 | D:15     | HP: 142/150 [arc of chain lightning (8)]
 19627 | D:15     | Reached XP level 25. HP: 157/157 MP: 51/52
 19665 | D:15     | Found a staircase to the Depths.
 19670 | D:15     | HP: 153/157 [arc of chain lightning (4)]
 19676 | D:15     | HP: 143/157 [arc of chain lightning (14)]
 19721 | Depths:1 | Entered Level 1 of the Depths
 19746 | Depths:1 | HP: 150/158 [arc of chain lightning (8)]
 19771 | Depths:1 | HP: 150/158 [arc of chain lightning (8)]
 19806 | Depths:1 | HP: 149/158 [arc of chain lightning (9)]
 19811 | Depths:1 | HP: 148/158 [arc of chain lightning (4)]
 19818 | Depths:1 | HP: 154/158 [arc of chain lightning (4)]
 19854 | Depths:1 | Found a one-way gateway to a ziggurat.
 19856 | Depths:1 | HP: 152/158 [arc of chain lightning (6)]
 19861 | Depths:1 | HP: 129/159 [deep troll earth mage/blast of rock fragments
                  | (30)]
 19888 | Depths:1 | HP: 134/159 [frost giant/bolt of cold (25)]
 19894 | Depths:1 | HP: 104/159 [arc of chain lightning (9)]
 19900 | Depths:1 | HP: 114/159 [arc of chain lightning (4)]
 20000 | Depths:1 | HP: 150/159 [deep troll earth mage/blast of rock fragments
                  | (9)]
 20023 | Depths:1 | HP: 151/159 [arc of chain lightning (8)]
 20028 | Depths:1 | HP: 133/159 [frost giant/bolt of cold (26)]
 20042 | Depths:1 | HP: 153/159 [stone giant/large rock (6)]
 20062 | Depths:2 | Noticed Nikola
 20063 | Depths:2 | HP: 153/159 [arc of chain lightning (6)]
 20068 | Depths:2 | HP: 138/159 [arc of chain lightning (3)]
 20104 | Depths:2 | HP: 151/159 [arc of chain lightning (8)]
 20105 | Depths:2 | Noticed a golden dragon
 20109 | Depths:2 | HP: 141/159 [arc of chain lightning (10)]
 20111 | Depths:2 | Killed a golden dragon
 20114 | Depths:2 | HP: 149/159 [merfolk javelineer/silver javelin (10)]
 20121 | Depths:2 | Killed Nikola
 20128 | Depths:2 | HP: 158/160 [arc of chain lightning (2)]
 20139 | Depths:2 | HP: 148/160 [arc of chain lightning (12)]
 20144 | Depths:2 | HP: 113/160 [arc of chain lightning (13)]
 20145 | Depths:2 | Reached skill level 5 in Transmutations
 20157 | Depths:2 | HP: 137/160 [spark wasp/living lightning (9)]
 20181 | Depths:2 | HP: 137/161 [arc of chain lightning (12)]
 20189 | Depths:2 | HP: 121/161 [fire dragon/blast of flame (31)]
 20209 | Depths:2 | HP: 134/161 [fire dragon/blast of flame (21)]
 20327 | Depths:2 | HP: 151/161 [arc of chain lightning (10)]
 20369 | Depths:3 | HP: 153/161 [arc of chain lightning (8)]
 20373 | Depths:3 | Reached skill level 10 in Necromancy
 20381 | Depths:3 | HP: 149/161 [arc of chain lightning (12)]
 20392 | Depths:3 | Found Demellyt's Weapon Shoppe.
 20401 | Depths:3 | Reached XP level 26. HP: 170/170 MP: 53/53
 20555 | Depths:3 | HP: 160/170 [arc of chain lightning (10)]
 20560 | Depths:3 | Found a gateway to Hell.
 20561 | Depths:3 | HP: 162/170 [arc of chain lightning (8)]
 20562 | Depths:3 | Noticed a juggernaut
 20565 | Depths:3 | Killed a juggernaut
 20566 | Depths:3 | Noticed a juggernaut
 20570 | Depths:3 | HP: 158/170 [arc of chain lightning (3)]
 20573 | Depths:3 | Killed a juggernaut
 20588 | Depths:3 | HP: 150/170 [something (19)]
 20594 | Depths:3 | HP: 116/170 [tengu reaver/+0 dire flail (16)]
 20617 | Depths:3 | HP: 156/168 [arc of chain lightning (4)]
 20641 | Depths:3 | HP: 157/169 [stone giant/large rock (12)]
 20651 | Depths:3 | HP: 104/170 [frost giant/bolt of cold (66)]
 20653 | Depths:3 | Found Neweviam's Antique Weapon Shop.
 20661 | Depths:3 | HP: 140/170 [arc of chain lightning (13)]
 20765 | Depths:3 | HP: 160/170 [arc of chain lightning (10)]
 20772 | Depths:3 | HP: 162/170 [steelbarb worm (glowing shapeshifter) (1)]
 20853 | Depths:3 | HP: 166/170 [arc of chain lightning (4)]
 20964 | Depths:4 | Entered Level 4 of the Depths
 20970 | Depths:4 | Found Ryjisk's Weapon Emporium.
 20986 | Depths:4 | HP: 166/170 [arc of chain lightning (4)]
 20991 | Depths:4 | Found Cutehake's Armour Shoppe.
 21004 | Depths:4 | HP: 145/170 [fire giant/bolt of fire (25)]
 21013 | Depths:4 | HP: 163/170 [spark wasp/living lightning (4)]
 21024 | Depths:4 | HP: 162/170 [arc of chain lightning (8)]
 21029 | Depths:4 | HP: 154/170 [arc of chain lightning (12)]
 21041 | Depths:4 | HP: 156/170 [arc of chain lightning (14)]
 21062 | Depths:4 | HP: 162/170 [arc of chain lightning (8)]
 21101 | Depths:4 | Found Niskil's Assorted Antiques.
 21103 | Depths:4 | HP: 162/170 [arc of chain lightning (8)]
 21108 | Depths:4 | HP: 164/170 [arc of chain lightning (6)]
 21114 | Depths:4 | Identified the +2 hat "Midalequgh" {Dex+3}
 21116 | Depths:4 | Bought a potion of resistance for 340 gold pieces
 21127 | Depths:4 | HP: 152/170 [fire giant/bolt of fire (18)]
 21132 | Depths:4 | Noticed Mennas
 21136 | Depths:4 | HP: 167/170 [arc of chain lightning (3)]
 21137 | Depths:4 | Killed Mennas
 21138 | Depths:4 | Reached skill level 10 in Transmutations
 21196 | Depths:4 | HP: 162/170 [arc of chain lightning (8)]
 21256 | Depths:4 | HP: 167/170 [green draconian/blast of poison (3)]
 21261 | Depths:4 | HP: 149/170 [poisoned by a green draconian (blast of
                  | poison)]
 21287 | Depths:4 | Found a gate to the Realm of Zot.
 21288 | Depths:4 | HP: 151/170 [storm dragon/bolt of lightning (19)]
 21301 | Depths:4 | HP: 168/170 [green draconian monk/blast of poison (2)]
 21321 | Depths:4 | Learned a level 8 spell: Necromutation
 21501 | Zig:1    | Entered Level 1 of a ziggurat
 21502 | Zig:1    | HP: 158/170 [arc of chain lightning (12)]
 21539 | Zig:1    | HP: 154/167 [something (13)]
 21624 | Zig:2    | Entered Level 2 of a ziggurat
 21624 | Zig:2    | Noticed Poedorch the pandemonium lord
 21627 | Zig:2    | Killed Poedorch the pandemonium lord
 21627 | Zig:2    | HP: 163/167 [arc of chain lightning (4)]
 21703 | Zig:3    | Entered Level 3 of a ziggurat
 21718 | Zig:4    | Entered Level 4 of a ziggurat
 21720 | Zig:4    | HP: 143/170 [deep elf master archer/arrow (27)]
 21803 | Zig:5    | Entered Level 5 of a ziggurat
 21821 | Zig:5    | Identified the +5 spear "Komorch" {freeze, Int+3 Dex+4}
 21824 | Zig:5    | Identified the +4 short sword "Gyhoq" {drain, rPois Int-4
                  | Dex+4 Stlth+}
 21899 | Zig:5    | Gained mutation: Armour fits poorly on your strangely
                  | shaped body. [potion of mutation]
 21900 | Zig:5    | Lost mutation: Armour fits poorly on your strangely shaped
                  | body. [potion of mutation]
 21900 | Zig:5    | Gained mutation: Your flesh is cold resistant. (rC+)
                  | [potion of mutation]
 21900 | Zig:5    | Gained mutation: You are resistant to electric shocks.
                  | (rElec) [potion of mutation]
 21900 | Zig:5    | Gained mutation: You expend magic power (3 MP) to
                  | strengthen your wands. [potion of mutation]
 21900 | Zig:5    | Gained mutation: You have an increased reservoir of magic.
                  | (+10% MP) [potion of mutation]
 21934 | Zig:6    | Entered Level 6 of a ziggurat
 21936 | Zig:6    | Noticed a shard shrike
 21937 | Zig:6    | Killed a shard shrike
 21937 | Zig:6    | Noticed a dread lich
 21938 | Zig:6    | Reached XP level 27. HP: 177/177 MP: 58/58
 21939 | Zig:6    | HP: 171/177 [something (6)]
 21940 | Zig:6    | Killed a dread lich
 21952 | Zig:6    | Identified the +2 long sword of Dishonour {heavy, rC+ rCorr
                  | Int+4}
 21960 | Zig:6    | Identified the staff of air "Laqir" {rElec rPois}
 21976 | Zig:6    | HP: 161/173 [something (12)]
 21995 | Zig:6    | HP: 158/171 [magical explosion (6)]
 22127 | Zig:7    | Entered Level 7 of a ziggurat
 22137 | Zig:7    | Reached skill level 5 in Long Blades
 22158 | Zig:8    | Entered Level 8 of a ziggurat
 22165 | Zig:8    | Noticed a curse toe
 22166 | Zig:8    | Noticed Peloso's ghost (veteran MiFi)
 22167 | Zig:8    | Killed a curse toe
 22170 | Zig:8    | Killed Peloso's ghost
 22171 | Zig:8    | Found the dreamshard necklace {*Dream Drain}
 22176 | Zig:8    | Identified the staff of earth "Kucziuxi" {rElec Int+2
                  | Dex+3}
 22230 | Zig:9    | Entered Level 9 of a ziggurat
 22252 | Zig:9    | Identified the +8 pearl dragon scales "Qiuqi" {+Blink rN+
                  | Dex-4 Slay+2}
 22282 | Zig:10   | Entered Level 10 of a ziggurat
 22288 | Zig:10   | HP: 170/178 [arc of chain lightning (8)]
 22298 | Zig:10   | Found the +18 shield of the Gong {Loud rN+ Will+ rCorr
                  | EV-5}
 22347 | Zig:11   | Entered Level 11 of a ziggurat
 22426 | Zig:12   | Entered Level 12 of a ziggurat
 22439 | Zig:12   | HP: 173/179 [something (6)]
 22441 | Zig:12   | Noticed Tijakkas the pandemonium lord
 22443 | Zig:12   | Killed Tijakkas the pandemonium lord
 22444 | Zig:12   | Reached skill level 10 in Dodging
 22445 | Zig:12   | HP: 165/179 [Hell Sentinel/damnation (12)]
 22534 | Zig:13   | Entered Level 13 of a ziggurat
 22549 | Zig:13   | Noticed a dread lich
 22550 | Zig:13   | HP: 172/179 [frost giant/bolt of cold (7)]
 22552 | Zig:13   | Killed a dread lich
 22589 | Zig:13   | Identified the +6 scimitar of the Freezing Oracle {flame,
                  | Contam Dex+8}
 22623 | Zig:14   | Entered Level 14 of a ziggurat
 22633 | Zig:14   | HP: 173/179 [arc of chain lightning (6)]
 22635 | Zig:14   | Noticed Ighiakig the pandemonium lord
 22637 | Zig:14   | Killed Ighiakig the pandemonium lord
 22639 | Zig:14   | HP: 122/179 [Hell Sentinel/damnation (57)]
 22654 | Zig:14   | Identified the +11 trident of the Twisting Gnat {freeze,
                  | rC+ rN+}
 22696 | Zig:14   | Identified the +7 morningstar "Nycek" {pain, rPois rF-
                  | Int+6 Stlth+}
 22705 | Zig:15   | Entered Level 15 of a ziggurat
 22724 | Zig:15   | Noticed a royal mummy
 22725 | Zig:15   | Noticed a royal mummy
 22727 | Zig:15   | Killed a royal mummy
 22727 | Zig:15   | HP: 172/179 [bennu (7)]
 22728 | Zig:15   | Killed a royal mummy
 22729 | Zig:15   | Noticed a royal mummy
 22731 | Zig:15   | Killed a royal mummy
 22741 | Zig:15   | Identified the ring "Ogoaqis" {rC+ rCorr Int+4}
 22748 | Zig:15   | Identified the +5 eveningstar "Egaluot" {drain, Dex+4}
 22756 | Zig:15   | Identified the +5 broad axe of Cowardice {vamp, +Blink
                  | rF++}
 22764 | Zig:15   | Identified the +7 great mace of Disintegration {protect,
                  | +Blink rCorr Str-3}
 22774 | Zig:16   | Entered Level 16 of a ziggurat
 22797 | Zig:16   | HP: 167/179 [arc of chain lightning (12)]
 22802 | Zig:16   | Identified the +0 tower shield "Kuletsov" {Will+ rCorr
                  | Int+2 Dex+4}
 22805 | Zig:16   | HP: 157/179 [something (20)]
 22812 | Zig:16   | Identified the amulet "Ziffed" {Reflect Rampage SH+5}
 22814 | Zig:16   | Identified the ring "Muyd" {rPois rF- rN+ rCorr Stlth+}
 22862 | Zig:16   | Learned a level 9 spell: Polar Vortex
 22880 | Zig:17   | Entered Level 17 of a ziggurat
 22902 | Zig:17   | Noticed a dread lich
 22903 | Zig:17   | Noticed a dread lich
 22904 | Zig:17   | Killed a dread lich
 22905 | Zig:17   | Killed a dread lich
 22906 | Zig:17   | HP: 176/179 [yaktaur captain/bolt (3)]
 22908 | Zig:17   | Reached skill level 15 in Ice Magic
 22916 | Zig:17   | Identified the +5 giant spiked club of Kindness {heavy,
                  | MP+9 Str+3}
 22934 | Zig:17   | Identified the staff of fire "Ziucis" {rF+ Str+5}
 22935 | Zig:17   | Identified the +0 dagger "Dixysmus" {drain, Will- rCorr
                  | SInv}
 22940 | Zig:17   | Identified the amulet "Nemnir" {RegenMP rF+}
 22941 | Zig:17   | Identified the staff of fire "Ciryl" {+Blink rF+ Str+3
                  | Dex-4 Stlth+}
 22943 | Zig:17   | Identified the amulet "Paityid" {Spirit Rampage rPois Int+4
                  | Slay-5}
 22962 | Zig:18   | Entered Level 18 of a ziggurat
 22974 | Zig:18   | HP: 167/179 [blizzard demon/bolt of lightning (12)]
 22979 | Zig:18   | HP: 145/179 [hellion/damnation (26)]
 22981 | Zig:18   | Paralysed by a wendigo for 1 turns
 22986 | Zig:18   | HP: 134/179 [blizzard demon/the air (15)]
 22991 | Zig:18   | HP: 125/179 [something (4)]
 23011 | Zig:18   | Identified the +1 cloak of Fowoesi {Harm rCorr Dex-4
                  | Slay-3}
 23014 | Zig:18   | Identified the +7 great sword of the Singing Viper {heavy,
                  | Int+3}
 23018 | Zig:18   | HP: 170/179 [oklob plant/splash of acid (9)]
 23059 | Zig:18   | Identified the +6 halberd "Spiderbane" {freeze, rF+}
 23067 | Zig:18   | Identified the +4 ring mail of Patterns {Slay+2}
 23076 | Zig:18   | Learned a level 4 spell: Passage of Golubria
 23079 | Zig:18   | Learned a level 2 spell: Blink
 23122 | Zig:19   | Entered Level 19 of a ziggurat
 23137 | Zig:19   | HP: 171/179 [arc of chain lightning (8)]
 23144 | Zig:19   | HP: 132/179 [acid blob/splash of acid (8)]
 23153 | Zig:19   | HP: 132/179 [something (4)]
 23174 | Zig:19   | Identified the staff of poison "Yskyif" {*Corrode rElec
                  | rPois Str+3}
 23185 | Zig:19   | Identified the staff of air "Ysuosixo" {*Slow rElec Will+++
                  | rCorr Int-3}
 23189 | Zig:19   | Identified the +1 shortbow of Precise Incision {heavy,
                  | rPois rC+}
 23194 | Zig:19   | Identified the +7 broad axe of the Toadstool {protect,
                  | *Corrode rC- Int+8 Dex+3}
 23196 | Zig:19   | Identified the +6 rapier of Reason {flame, Fragile rPois
                  | rF+++ Stlth-}
 23203 | Zig:19   | Identified the +10 morningstar of Wionuev {pain, rC-
                  | Will+++ Int-5 Stlth+}
 23209 | Zig:20   | Entered Level 20 of a ziggurat
 23232 | Zig:20   | HP: 177/179 [deep elf master archer/arrow (2)]
 23317 | Zig:21   | Entered Level 21 of a ziggurat
 23335 | Zig:21   | HP: 164/179 [smoke demon/divine providence (15)]
 23340 | Zig:21   | HP: 164/179 [arc of chain lightning (2)]
 23345 | Zig:21   | HP: 160/179 [arc of chain lightning (12)]
 23352 | Zig:21   | HP: 165/179 [arc of chain lightning (7)]
 23353 | Zig:21   | Reached skill level 27 in Spellcasting
 23359 | Zig:21   | Found the -2 hat of the Alchemist {rElec rPois rF+ rC+ rN+
                  | Will+ rMut rCorr}
 23366 | Zig:21   | Identified the staff of poison "Hovep" {Fly rPois rF-
                  | Stlth+}
 23400 | Zig:21   | Identified the +1 leather armour "Huobrice" {*Corrode rC+++
                  | Str+8}
 23403 | Zig:21   | Identified the +1 leather armour "Loeciaru" {rN+ Str+2
                  | SInv}
 23416 | Zig:22   | Entered Level 22 of a ziggurat
 23432 | Zig:22   | HP: 175/179 [arc of chain lightning (4)]
 23432 | Zig:22   | Paralysed by an air elemental for 1 turns
 23465 | Zig:22   | Identified the staff of cold "Cinwenn" {rC+ Stlth+}
 23469 | Zig:22   | Identified the staff of death "Peuts" {rN+ Str+2 Int+3
                  | SInv}
 23500 | Zig:22   | Identified the amulet of Pubuvub {Faith Dex+5}
 23514 | Zig:22   | Learned a level 7 spell: Storm Form
 23621 | Zig:23   | Entered Level 23 of a ziggurat
 23642 | Zig:23   | Noticed a dread lich
 23644 | Zig:23   | Killed a dread lich
 23648 | Zig:23   | Noticed an ancient lich
 23650 | Zig:23   | Noticed an ancient lich
 23651 | Zig:23   | Killed an ancient lich
 23651 | Zig:23   | Killed an ancient lich
 23652 | Zig:23   | HP: 140/179 [titan/the air (39)]
 23653 | Zig:23   | Noticed an ancient lich
 23654 | Zig:23   | Noticed an ancient lich
 23655 | Zig:23   | Killed an ancient lich
 23656 | Zig:23   | Killed an ancient lich
 23659 | Zig:23   | HP: 143/179 [fire giant/bolt of fire (9)]
 23678 | Zig:23   | Got Experienced Incantation
 23679 | Zig:23   | Identified the +4 ring mail "Ozehitt" {Harm rPois Dex-2}
 23704 | Zig:23   | Identified the amulet "Oguenere" {Reflect Harm rF+ SH+5}
 23705 | Zig:23   | Identified the ring of the Festooned God {rF+ rC+++ EV+5
                  | Str+4 Dex+3}
 23710 | Zig:23   | Identified the +2 spear of Hicsin {chaos, rF- rN+++ Dex-5
                  | Stlth+}
 23719 | Zig:24   | Entered Level 24 of a ziggurat
 23738 | Zig:24   | Noticed an ancient lich
 23739 | Zig:24   | HP: 163/179 [tengu reaver/bolt of fire (16)]
 23741 | Zig:24   | Killed an ancient lich
 23745 | Zig:24   | Noticed an ancient lich
 23745 | Zig:24   | Noticed an ancient lich
 23746 | Zig:24   | Killed an ancient lich
 23747 | Zig:24   | Killed an ancient lich
 23748 | Zig:24   | Noticed a dread lich
 23750 | Zig:24   | Killed a dread lich
 23752 | Zig:24   | HP: 132/179 [tengu reaver/bolt of acid (24)]
 23752 | Zig:24   | Noticed an ancient lich
 23755 | Zig:24   | Killed an ancient lich
 23756 | Zig:24   | Noticed an ancient lich
 23757 | Zig:24   | Killed an ancient lich
 23759 | Zig:24   | HP: 115/179 [titan/the air (27)]
 23763 | Zig:24   | Found the +1 robe of Vines {NoPotionHeal Regen++++}
 23779 | Zig:24   | Identified the +5 trident of Brutal Revenge {pain, Str+6
                  | Dex+2}
 23803 | Zig:24   | Got the Vellum of the Fluctuating Dragon
 23804 | Zig:24   | Identified the +9 glaive of Hinkoigu {venom, Str+2 Stlth+}
 23808 | Zig:24   | Identified the +2 shortbow of Nightmares {antimagic, Int+5}
 23822 | Zig:24   | Identified the +1 dagger "Juaro" {holy, Dex+2}
 23825 | Zig:24   | Identified the +10 short sword of Plog {holy, rF+ Str+3}
 23859 | Zig:24   | HP: 173/177 [something (4)]
 23883 | Zig:25   | Entered Level 25 of a ziggurat
 23900 | Zig:25   | HP: 168/177 [arc of chain lightning (9)]
 23907 | Zig:25   | HP: 165/179 [acid blob/splash of acid (14)]
 23933 | Zig:25   | Found the +8 demon trident "Rift" {distort, reach+}
 23935 | Zig:25   | Found the +8 longbow "Zephyr" {speed, Dex+3 SInv}
 23936 | Zig:25   | Found the +5 robe of Night {Dark Will+ SInv}
 23937 | Zig:25   | Found the +7 sceptre of Torment {pain, torment}
 23950 | Zig:25   | Identified the +5 short sword of Desertification {freeze,
                  | rPois Dex+4}
 23952 | Zig:25   | Got the Handbook of Venomous Maleficent Mysteries
 23960 | Zig:25   | Identified the +4 long sword of the Arena {flame, rF+}
 23961 | Zig:25   | Identified the +7 great sword of Bloody Death {heavy, rElec
                  | rF+ rN+ Will+}
 23962 | Zig:25   | Identified the ring of Diob {Fly rC+ MP+9 Int+6 Stlth+}
 23966 | Zig:25   | Identified the +3 dagger "Beastbane" {flame, rCorr Dex+8
                  | SInv}
 23968 | Zig:25   | Identified the ring "Famesec" {Str+2 Slay+4}
 23982 | Zig:25   | Identified the +5 triple sword of the Dwarven Hall {heavy,
                  | rC++}
 23992 | Zig:26   | Entered Level 26 of a ziggurat
 24010 | Zig:26   | Noticed a juggernaut
 24012 | Zig:26   | Noticed a juggernaut
 24014 | Zig:26   | Killed a juggernaut
 24014 | Zig:26   | Killed a juggernaut
 24017 | Zig:26   | Noticed a juggernaut
 24017 | Zig:26   | Noticed a juggernaut
 24018 | Zig:26   | Killed a juggernaut
 24018 | Zig:26   | Noticed a juggernaut
 24018 | Zig:26   | Noticed a juggernaut
 24019 | Zig:26   | Killed a juggernaut
 24019 | Zig:26   | Killed a juggernaut
 24020 | Zig:26   | Killed a juggernaut
 24020 | Zig:26   | Noticed a juggernaut
 24022 | Zig:26   | Noticed a juggernaut
 24023 | Zig:26   | HP: 160/179 [arc of chain lightning (19)]
 24023 | Zig:26   | Noticed a juggernaut
 24024 | Zig:26   | Killed a juggernaut
 24024 | Zig:26   | Noticed a juggernaut
 24025 | Zig:26   | Killed a juggernaut
 24026 | Zig:26   | Killed a juggernaut
 24026 | Zig:26   | Killed a juggernaut
 24072 | Zig:26   | Identified the +1 ring mail of the Desert {rPois rCorr}
 24075 | Zig:26   | Identified the staff of cold "Hiogol" {rC+ Str+3}
 24077 | Zig:26   | Identified the +5 halberd of Qyohoegu {heavy, rElec rC+
                  | Dex+3}
 24098 | Zig:26   | Identified the staff of fire "Neowk" {rPois rF+ Str+9 Int-5
                  | Dex-5}
 24101 | Zig:26   | Identified the staff of cold "Plog" {rC+ Dex+4}
 24110 | Zig:26   | HP: 175/178 [something (3)]
 24132 | Zig:27   | Entered Level 27 of a ziggurat
 24156 | Zig:27   | Noticed an ancient lich
 24157 | Zig:27   | HP: 165/178 [arc of chain lightning (13)]
 24157 | Zig:27   | Noticed an ancient lich
 24161 | Zig:27   | Reached skill level 27 in Air Magic
 24161 | Zig:27   | Killed an ancient lich
 24161 | Zig:27   | Killed an ancient lich
 24161 | Zig:27   | Noticed a dread lich
 24163 | Zig:27   | Noticed an ancient lich
 24165 | Zig:27   | Killed a dread lich
 24165 | Zig:27   | Killed an ancient lich
 24167 | Zig:27   | HP: 117/179 [arc of chain lightning (6)]
 24169 | Zig:27   | Noticed a dread lich
 24171 | Zig:27   | Killed a dread lich
 24204 | Zig:27   | Identified the +2 quarterstaff "Kywemn" {antimagic, Stlth+}
 24213 | Zig:27   | Acquired 702 gold pieces
 24220 | Zig:27   | Identified the +9 quarterstaff of the Shallot {heavy,
                  | +Blink rC++ Will- Stlth+}
 24231 | Zig:27   | Identified the staff of conjuration "Viege" {rF+ Will+++
                  | Str-4}
 24241 | Zig:27   | Identified the staff of air "Cyga" {rElec SInv}
 24250 | Zig:27   | Identified the ring "Edgheh Kesh" {rC+ rN+}
 24533 | Shoals:1 | Entered Level 1 of the Shoals
 24534 | Shoals:1 | HP: 166/179 [merfolk/boomerang (13)]
 24549 | Shoals:1 | HP: 175/179 [arc of chain lightning (4)]
 24554 | Shoals:1 | HP: 152/179 [centaur warrior/arrow (9)]
 24560 | Shoals:1 | HP: 141/179 [centaur warrior/arrow (10)]
 24638 | Shoals:1 | HP: 175/179 [arc of chain lightning (4)]
 24648 | Shoals:1 | You are sucked into a shaft and drop 1 floor!
 24653 | Shoals:2 | HP: 152/179 [arc of chain lightning (27)]
 24659 | Shoals:2 | HP: 165/179 [arc of chain lightning (14)]
 24666 | Shoals:2 | HP: 170/179 [arc of chain lightning (9)]
 24671 | Shoals:2 | HP: 162/179 [arc of chain lightning (4)]
 24679 | Shoals:3 | Noticed Polyphemus
 24683 | Shoals:3 | Killed Polyphemus
 24714 | Shoals:3 | Learned a level 2 spell: Sublimation of Blood
 24769 | Shoals:4 | Entered Level 4 of the Shoals
 24769 | Shoals:4 | Found a blossoming altar of Fedhas.
 24770 | Shoals:4 | HP: 170/179 [arc of chain lightning (9)]
 24778 | Shoals:4 | HP: 167/179 [arc of chain lightning (12)]
 24790 | Shoals:4 | HP: 163/179 [air elemental/stunning burst (2)]
 24796 | Shoals:4 | HP: 160/179 [arc of chain lightning (19)]
 24797 | Shoals:4 | Paralysed by an air elemental for 1 turns
 24802 | Shoals:4 | HP: 144/179 [water nymph/the raging water (18)]
 24807 | Shoals:4 | HP: 79/179 [arc of chain lightning (20)]
 24813 | Shoals:4 | HP: 64/179 [air elemental/stunning burst (7)]
 24844 | Shoals:4 | HP: 94/179 [arc of chain lightning (18)]
 24862 | Shoals:4 | Identified the staff of air "Wocointu" {Contam rElec Str+2
                  | Dex+3 SInv}
 24864 | Shoals:4 | Identified the staff of air "Uckewac" {rElec rF+ rC+ Str+3}
 24879 | Shoals:4 | Got a barnacled rune of Zot
 24880 | Shoals:4 | Identified the +8 broad axe of Distant Shores {drain,
                  | Stlth+}
 24930 | Shoals:3 | Noticed Donald
 24931 | Shoals:3 | Killed Donald
 24931 | Shoals:3 | HP: 170/179 [arc of chain lightning (9)]
 24950 | Shoals:2 | HP: 161/179 [arc of chain lightning (18)]
 25122 | Lair:5   | Voluntarily entered the Abyss.
 25144 | Abyss:2  | Found a corrupted altar of Lugonu.
 25178 | Abyss:2  | Found a corrupted altar of Lugonu.
 25178 | Abyss:2  | Found a corrupted altar of Lugonu.
 25178 | Abyss:2  | Found a corrupted altar of Lugonu.
 25199 | Abyss:2  | HP: 164/179 [arc of chain lightning (15)]
 25223 | Abyss:2  | HP: 169/179 [arc of chain lightning (10)]
 25228 | Abyss:2  | HP: 164/179 [arc of chain lightning (15)]
 25250 | Abyss:2  | HP: 164/179 [arc of chain lightning (15)]
 25300 | Abyss:2  | HP: 171/179 [arc of chain lightning (8)]
 25301 | Abyss:2  | Reached skill level 27 in Conjurations
 25306 | Abyss:2  | HP: 139/179 [arc of chain lightning (24)]
 25323 | Abyss:2  | HP: 173/179 [arc of chain lightning (6)]
 25336 | Abyss:2  | HP: 164/179 [arc of chain lightning (15)]
 25345 | Abyss:2  | HP: 176/179 [arc of chain lightning (1)]
 25356 | Abyss:2  | HP: 126/179 [arc of chain lightning (13)]
 25366 | Abyss:2  | HP: 153/179 [arc of chain lightning (4)]
 25375 | Abyss:2  | HP: 170/179 [arc of chain lightning (9)]
 25382 | Abyss:2  | HP: 175/179 [arc of chain lightning (4)]
 25385 | Abyss:2  | Identified the staff of fire "Oga Qyac" {rElec rF+ rN+}
 25387 | Abyss:2  | HP: 173/179 [arc of chain lightning (6)]
 25395 | Abyss:2  | HP: 162/179 [arc of chain lightning (15)]
 25404 | Abyss:2  | HP: 161/179 [arc of chain lightning (18)]
 25410 | Abyss:2  | HP: 148/179 [arc of chain lightning (24)]
 25418 | Abyss:2  | HP: 137/179 [arc of chain lightning (21)]
 25424 | Abyss:2  | HP: 121/179 [arc of chain lightning (15)]
 25437 | Abyss:2  | HP: 105/179 [arc of chain lightning (19)]
 25441 | Lair:5   | Escaped the Abyss
 25591 | Lair:5   | Voluntarily entered the Abyss.
 25615 | Abyss:2  | Found a corrupted altar of Lugonu.
 25657 | Abyss:3  | Found a corrupted altar of Lugonu.
 25658 | Abyss:3  | Found a corrupted altar of Lugonu.
 25699 | Abyss:3  | HP: 161/179 [red very ugly thing (18)]
 25725 | Abyss:3  | HP: 165/179 [arc of chain lightning (14)]
 25728 | Abyss:3  | Reached skill level 1 in Unarmed Combat
 25734 | Abyss:3  | HP: 173/179 [bone dragon (6)]
 25739 | Abyss:3  | HP: 172/179 [arc of chain lightning (7)]
 25746 | Abyss:3  | HP: 161/179 [arc of chain lightning (18)]
 25760 | Abyss:3  | Got an abyssal rune of Zot
 25773 | Abyss:3  | HP: 171/179 [arc of chain lightning (8)]
 25811 | Abyss:3  | HP: 160/179 [arc of chain lightning (19)]
 25835 | Abyss:3  | HP: 161/179 [arc of chain lightning (18)]
 25838 | Lair:5   | Escaped the Abyss
 25917 | Slime:1  | Entered Level 1 of the Pits of Slime
 25919 | Slime:1  | HP: 167/179 [acid blob/splash of acid (12)]
 25931 | Slime:1  | HP: 157/179 [arc of chain lightning (22)]
 25942 | Slime:2  | HP: 164/179 [arc of chain lightning (15)]
 25957 | Slime:2  | Noticed Dissolution
 25959 | Slime:2  | Killed Dissolution
 26350 | Slime:4  | HP: 167/181 [arc of chain lightning (14)]
 26358 | Slime:4  | Reached skill level 5 in Unarmed Combat
 26360 | Slime:5  | Entered Level 5 of the Pits of Slime
 26376 | Slime:5  | HP: 174/181 [arc of chain lightning (7)]
 26385 | Slime:5  | HP: 139/181 [acid blob/splash of acid (10)]
 26390 | Slime:5  | Noticed the Royal Jelly
 26395 | Slime:5  | Killed the Royal Jelly
 26396 | Slime:5  | HP: 162/181 [arc of chain lightning (19)]
 26402 | Slime:5  | HP: 143/181 [arc of chain lightning (20)]
 26425 | Slime:5  | HP: 168/181 [arc of chain lightning (13)]
 26426 | Slime:5  | Identified the +1 buckler of the Camelopard {Will+}
 26428 | Slime:5  | Identified the +1 pair of gloves of the Charmed God
                  | {Rampage}
 26465 | Slime:5  | Identified the +7 flail of Glamorous Innocence {flame, rN+}
 26485 | Slime:5  | Identified the +9 arbalest "Eboecvicze" {speed, rCorr Str+3
                  | Int-3}
 26523 | Slime:5  | Got a slimy rune of Zot
 26566 | Slime:2  | HP: 166/181 [arc of chain lightning (15)]
 26578 | Slime:1  | HP: 169/181 [arc of chain lightning (12)]
 26754 | D:11     | Identified the +4 flail of Sharkskin {drain, rElec rPois
                  | Str-5 Dex+4}
 26883 | Depths:2 | Found a one-way gate leading to the halls of Pandemonium.
 27245 | Depths:2 | HP: 172/179 [something (7)]
 27248 | Pan      | Entered Pandemonium
 27250 | Pan      | HP: 167/179 [arc of chain lightning (12)]
 27264 | Pan      | HP: 173/182 [arc of chain lightning (9)]
 27275 | Pan      | HP: 167/182 [arc of chain lightning (15)]
 27282 | Pan      | HP: 178/182 [green death/poison arrow (4)]
 27297 | Pan      | HP: 168/182 [arc of chain lightning (14)]
 27321 | Pan      | HP: 174/182 [arc of chain lightning (8)]
 27329 | Pan      | HP: 179/182 [arc of chain lightning (3)]
 27365 | Pan      | Entered the realm of Gloorx Vloq.
 27398 | Pan      | HP: 180/182 [Executioner (2)]
 27435 | Pan      | HP: 171/183 [arc of chain lightning (12)]
 27450 | Pan      | HP: 171/183 [arc of chain lightning (12)]
 27457 | Pan      | HP: 179/183 [arc of chain lightning (4)]
 27467 | Pan      | HP: 164/183 [arc of chain lightning (19)]
 27479 | Pan      | HP: 175/183 [arc of chain lightning (8)]
 27484 | Pan      | HP: 164/183 [arc of chain lightning (19)]
 27517 | Pan      | HP: 169/183 [arc of chain lightning (14)]
 27531 | Pan      | Noticed Gloorx Vloq
 27534 | Pan      | HP: 179/183 [arc of chain lightning (4)]
 27538 | Pan      | Killed Gloorx Vloq
 27549 | Pan      | Got a dark rune of Zot
 27617 | Pan      | HP: 174/183 [arc of chain lightning (9)]
 27626 | Pan      | HP: 168/183 [arc of chain lightning (15)]
 27632 | Pan      | HP: 168/183 [arc of chain lightning (15)]
 27718 | Pan      | HP: 177/183 [arc of chain lightning (6)]
 27723 | Pan      | Found an exit through the horrors of the Abyss.
 27861 | Pan      | HP: 171/183 [arc of chain lightning (12)]
 27866 | Pan      | HP: 145/183 [arc of chain lightning (6)]
 27880 | Pan      | HP: 163/184 [arc of chain lightning (21)]
 27932 | Pan      | HP: 168/184 [arc of chain lightning (16)]
 27972 | Pan      | HP: 180/182 [something (2)]
 28015 | Pan      | HP: 167/182 [arc of chain lightning (15)]
 28015 | Pan      | Noticed Sarghakeq the pandemonium lord
 28018 | Pan      | Killed Sarghakeq the pandemonium lord
 28029 | Pan      | Noticed Xiehiwk the pandemonium lord
 28030 | Pan      | HP: 176/184 [arc of chain lightning (8)]
 28034 | Pan      | Killed Xiehiwk the pandemonium lord
 28055 | Pan      | HP: 163/184 [arc of chain lightning (21)]
 28066 | Pan      | HP: 176/184 [arc of chain lightning (8)]
 28072 | Pan      | HP: 172/184 [arc of chain lightning (12)]
 28079 | Pan      | HP: 176/184 [arc of chain lightning (8)]
 28145 | Pan      | HP: 178/184 [arc of chain lightning (6)]
 28159 | Pan      | HP: 177/184 [arc of chain lightning (7)]
 28165 | Pan      | Found an exit through the horrors of the Abyss.
 28242 | Pan      | HP: 164/184 [arc of chain lightning (20)]
 28243 | Pan      | Reached skill level 10 in Unarmed Combat
 28248 | Pan      | HP: 170/184 [arc of chain lightning (9)]
 28253 | Pan      | HP: 152/184 [arc of chain lightning (6)]
 28253 | Pan      | Noticed Uqiunouj the pandemonium lord
 28258 | Pan      | HP: 142/184 [arc of chain lightning (15)]
 28260 | Pan      | Killed Uqiunouj the pandemonium lord
 28347 | Pan      | HP: 166/185 [arc of chain lightning (19)]
 28383 | Pan      | HP: 172/185 [arc of chain lightning (13)]
 28391 | Pan      | Entered the realm of Cerebov.
 28392 | Pan      | HP: 171/185 [arc of chain lightning (14)]
 28427 | Pan      | HP: 176/185 [arc of chain lightning (9)]
 28438 | Pan      | Found the +6 sword of Cerebov {flame}
 28438 | Pan      | Noticed Cerebov
 28441 | Pan      | HP: 178/185 [balrug/fireball (7)]
 28446 | Pan      | Killed Cerebov
 28446 | Pan      | HP: 159/185 [arc of chain lightning (15)]
 28464 | Pan      | Got a fiery rune of Zot
 28503 | Pan      | Identified the +1 leather armour of Entitlement {+Inv rC+}
 28532 | Pan      | HP: 179/187 [arc of chain lightning (8)]
 28554 | Pan      | Identified the staff of earth "Jucw" {Dex+3 SInv Stlth+}
 28557 | Pan      | Identified the +4 swamp dragon scales "Xutechef" {rPois
                  | Str+5}
 28594 | Pan      | HP: 171/187 [balrug/divine providence (16)]
 28637 | Pan      | HP: 180/187 [arc of chain lightning (7)]
 28642 | Pan      | Entered the realm of Lom Lobon.
 28643 | Pan      | HP: 173/187 [arc of chain lightning (14)]
 28651 | Pan      | Reached skill level 15 in Transmutations
 28658 | Pan      | HP: 167/187 [smoke demon/divine providence (20)]
 28678 | Pan      | HP: 175/187 [arc of chain lightning (12)]
 28703 | Pan      | Noticed Lom Lobon
 28706 | Pan      | HP: 156/187 [Lom Lobon/great icy blast (31)]
 28711 | Pan      | Killed Lom Lobon
 28711 | Pan      | HP: 81/187 [arc of chain lightning (20)]
 28736 | Pan      | Got a magical rune of Zot
 28827 | Pan      | HP: 169/187 [arc of chain lightning (18)]
 28837 | Pan      | HP: 175/187 [arc of chain lightning (12)]
 28839 | Pan      | Reached skill level 15 in Necromancy
 28844 | Pan      | HP: 175/187 [arc of chain lightning (12)]
 28862 | Pan      | HP: 179/187 [arc of chain lightning (8)]
 28871 | Pan      | Found an exit through the horrors of the Abyss.
 28878 | Pan      | HP: 162/187 [Brimstone Fiend/damnation (25)]
 28880 | Pan      | Reached skill level 15 in Dodging
 28880 | Pan      | Noticed Biom the pandemonium lord
 28886 | Pan      | Killed Biom the pandemonium lord
 28886 | Pan      | HP: 177/187 [arc of chain lightning (10)]
 28894 | Pan      | Reached skill level 27 in Ice Magic
 28896 | Pan      | HP: 173/187 [balrug/divine providence (14)]
 28924 | Pan      | Entered the realm of Mnoleg.
 28925 | Pan      | HP: 178/187 [arc of chain lightning (9)]
 28955 | Pan      | Found an exit through the horrors of the Abyss.
 28957 | Pan      | HP: 178/187 [sixfirhy[a cacodemon] (9)]
 28962 | Pan      | HP: 166/187 [arc of chain lightning (8)]
 29035 | Pan      | HP: 154/187 [disintegration (33)]
 29045 | Pan      | Noticed Mnoleg
 29062 | Pan      | HP: 184/187 [tentacled monstrosity[Mnoleg] (3)]
 29069 | Pan      | Killed Mnoleg
 29072 | Pan      | HP: 56/187 [arc of chain lightning (13)]
 29200 | Pan      | Got a glowing rune of Zot
 29246 | Pan      | HP: 182/188 [arc of chain lightning (6)]
 29251 | Pan      | HP: 185/188 [arc of chain lightning (3)]
 29275 | Pan      | HP: 173/188 [arc of chain lightning (15)]
 29286 | Pan      | HP: 174/188 [arc of chain lightning (14)]
 29286 | Pan      | Noticed Ytzias the pandemonium lord
 29288 | Pan      | Killed Ytzias the pandemonium lord
 29291 | Pan      | HP: 172/189 [smoke demon/divine providence (14)]
 29297 | Pan      | Identified the +2 ring mail of Fashionability {Will+ Str+2
                  | Dex+3}
 29301 | Pan      | HP: 180/189 [arc of chain lightning (9)]
 29308 | Pan      | HP: 180/189 [sun demon[a balrug] (9)]
 29314 | Pan      | HP: 181/189 [arc of chain lightning (8)]
 29355 | Pan      | HP: 173/189 [arc of chain lightning (16)]
 29413 | Pan      | HP: 174/189 [arc of chain lightning (15)]
 29427 | Pan      | Found a white marble altar of Elyvilon.
 29515 | Pan      | HP: 173/189 [arc of chain lightning (16)]
 29531 | Pan      | HP: 182/189 [arc of chain lightning (7)]
 29537 | Pan      | HP: 185/189 [something (4)]
 29547 | Pan      | HP: 158/189 [arc of chain lightning (9)]
 29552 | Pan      | HP: 157/189 [arc of chain lightning (4)]
 29601 | Pan      | HP: 175/189 [daeva/divine providence (14)]
 29611 | Pan      | Identified the +8 glaive of Iconoclasm {flame, Stlth+}
 29611 | Pan      | Identified the ring of Neevosk {rPois rN+}
 29611 | Pan      | Noticed a seraph
 29614 | Pan      | Killed a seraph
 29614 | Pan      | HP: 174/189 [arc of chain lightning (15)]
 29617 | Pan      | Found a glowing golden altar of the Shining One.
 29635 | Pan      | Identified the staff of death "Jocyreha" {rC++ rN+ Int-4
                  | Stlth+}
 29636 | Pan      | Identified the +5 scimitar of Strategic Superiority {flame,
                  | Str+5 Dex+3}
 29642 | Pan      | Got a demonic rune of Zot
 29643 | Pan      | Identified the +3 scale mail "Ockerrus" {rElec rCorr Str+3}
 29646 | Pan      | Identified the staff of air "Meas" {*Corrode rElec rPois
                  | Int+6}
 29660 | Pan      | HP: 168/189 [angel/+3 whip of holy wrath (21)]
 29717 | Pan      | HP: 170/189 [arc of chain lightning (19)]
 29751 | Pan      | HP: 170/189 [arc of chain lightning (19)]
 29764 | Depths:2 | Escaped Pandemonium
 29968 | Depths:3 | Found Lomaushroz's Distillery.
 29977 | Depths:3 | Bought a potion of magic for 168 gold pieces
 29977 | Depths:3 | Bought a potion of magic for 168 gold pieces
 30498 | Depths:4 | Learned a level 3 spell: Vhi's Electric Charge
 30503 | Depths:4 | Learned a level 4 spell: Manifold Assault
 30893 | Depths:4 | Found Faenkutrufyo's Jewellery Shop.
 31043 | Hell     | Entered the Vestibule of Hell
 31047 | Hell     | Noticed Geryon
 31050 | Hell     | Killed Geryon
 31050 | Hell     | HP: 179/189 [arc of chain lightning (10)]
 31054 | Hell     | Reached skill level 1 in Translocations
 31062 | Hell     | HP: 177/189 [arc of chain lightning (12)]
 31069 | Hell     | HP: 128/189 [arc of chain lightning (15)]
 31075 | Hell     | HP: 139/189 [arc of chain lightning (13)]
 31085 | Hell     | Found a gateway to the ashen valley of Gehenna.
 31094 | Geh:1    | Entered Level 1 of Gehenna
 31114 | Geh:1    | HP: 187/191 [fire giant/bolt of fire (4)]
 31141 | Geh:2    | HP: 177/191 [arc of chain lightning (14)]
 31147 | Geh:2    | HP: 172/191 [arc of chain lightning (19)]
 31152 | Geh:2    | HP: 154/191 [hell hog/fireball (7)]
 31175 | Geh:2    | HP: 187/191 [arc of chain lightning (4)]
 31193 | Geh:2    | Noticed an ancient lich
 31197 | Geh:2    | Killed an ancient lich
 31197 | Geh:2    | HP: 172/191 [arc of chain lightning (19)]
 31204 | Geh:2    | HP: 183/191 [arc of chain lightning (8)]
 31209 | Geh:2    | HP: 162/191 [arc of chain lightning (20)]
 31285 | Geh:3    | HP: 182/191 [arc of chain lightning (9)]
 31291 | Geh:3    | Reached skill level 5 in Translocations
 31299 | Geh:3    | HP: 184/191 [arc of chain lightning (7)]
 31304 | Geh:3    | HP: 184/191 [hell hog/fireball (7)]
 31310 | Geh:3    | HP: 148/191 [hellion/damnation (43)]
 31343 | Geh:4    | HP: 181/191 [balrug/fireball (10)]
 31350 | Geh:4    | HP: 143/191 [Brimstone Fiend/damnation (48)]
 31355 | Geh:5    | HP: 153/167 [arc of chain lightning (14)]
 31362 | Geh:5    | HP: 158/173 [arc of chain lightning (15)]
 31369 | Geh:5    | HP: 155/176 [arc of chain lightning (18)]
 31384 | Geh:6    | HP: 169/181 [arc of chain lightning (12)]
 31393 | Geh:6    | HP: 183/192 [balrug/divine providence (9)]
 31432 | Geh:6    | HP: 183/192 [arc of chain lightning (9)]
 31529 | Geh:7    | Entered Level 7 of Gehenna
 31556 | Geh:7    | HP: 159/169 [arc of chain lightning (10)]
 31561 | Geh:7    | HP: 150/169 [arc of chain lightning (12)]
 31568 | Geh:7    | HP: 165/177 [arc of chain lightning (12)]
 31573 | Geh:7    | HP: 158/179 [salamander tyrant/flame surge (8)]
 31577 | Geh:7    | Reached skill level 15 in Unarmed Combat
 31580 | Geh:7    | HP: 148/190 [arc of chain lightning (16)]
 31585 | Geh:7    | HP: 170/192 [arc of chain lightning (8)]
 31597 | Geh:7    | HP: 189/193 [fire vortex[creeping inferno] (4)]
 31603 | Geh:7    | HP: 152/193 [arc of chain lightning (22)]
 31608 | Geh:7    | HP: 144/193 [arc of chain lightning (6)]
 31663 | Geh:7    | HP: 180/193 [arc of chain lightning (13)]
 31668 | Geh:7    | HP: 187/193 [arc of chain lightning (6)]
 31683 | Geh:7    | Found the +13 sceptre of Asmodeus
 31683 | Geh:7    | Noticed Asmodeus
 31684 | Geh:7    | HP: 189/193 [arc of chain lightning (4)]
 31686 | Geh:7    | Killed Asmodeus
 31692 | Geh:7    | Got an obsidian rune of Zot
 31820 | Hell     | Found a gateway to the decaying netherworld of Tartarus.
 31838 | Tar:1    | Entered Level 1 of Tartarus
 31838 | Tar:1    | Found a huge runed gate.
 31838 | Tar:1    | Found a huge runed gate.
 31838 | Tar:1    | Found a huge runed gate.
 31838 | Tar:1    | Found a huge runed gate.
 31838 | Tar:1    | Found a huge runed gate.
 31838 | Tar:1    | Found a huge runed gate.
 31838 | Tar:1    | Found a huge runed gate.
 31840 | Tar:1    | Found a huge runed gate.
 31840 | Tar:1    | Found a huge runed gate.
 31840 | Tar:1    | Noticed a dread lich
 31841 | Tar:1    | HP: 178/193 [arc of chain lightning (15)]
 31842 | Tar:1    | Paralysed by a dread lich for 2 turns
 31845 | Tar:1    | Killed a dread lich
 31848 | Tar:1    | Found a huge runed gate.
 31855 | Tar:1    | Found a huge runed gate.
 31855 | Tar:1    | Found a huge runed gate.
 31856 | Tar:1    | HP: 189/193 [arc of chain lightning (4)]
 31872 | Tar:2    | HP: 160/166 [arc of chain lightning (6)]
 31877 | Tar:2    | HP: 165/179 [arc of chain lightning (14)]
 31882 | Tar:2    | HP: 164/186 [arc of chain lightning (10)]
 31886 | Tar:2    | Noticed an ancient lich
 31888 | Tar:2    | Killed an ancient lich
 31997 | Tar:3    | HP: 186/194 [arc of chain lightning (8)]
 32011 | Tar:3    | HP: 186/194 [arc of chain lightning (8)]
 32058 | Tar:3    | HP: 179/190 [Tzitzimitl/bolt of negative energy (11)]
 32063 | Tar:3    | HP: 132/193 [tainted leviathan/large rock (40)]
 32071 | Tar:3    | HP: 104/194 [silent spectre (6)]
 32110 | Tar:3    | HP: 154/185 [Tzitzimitl/bolt of negative energy (31)]
 32131 | Tar:3    | Reached skill level 10 in Translocations
 32193 | Tar:3    | HP: 183/192 [arc of chain lightning (9)]
 32212 | Tar:4    | HP: 170/173 [bone dragon (3)]
 32241 | Tar:5    | HP: 190/194 [arc of chain lightning (4)]
 32246 | Tar:5    | HP: 175/194 [arc of chain lightning (19)]
 32265 | Tar:6    | HP: 156/168 [arc of chain lightning (12)]
 32290 | Tar:6    | HP: 171/179 [arc of chain lightning (8)]
 32300 | Tar:6    | HP: 175/182 [arc of chain lightning (7)]
 32322 | Tar:7    | Entered Level 7 of Tartarus
 32329 | Tar:7    | HP: 169/188 [spectral juggernaut[an eidolon] (18)]
 32415 | Tar:7    | HP: 188/196 [arc of chain lightning (8)]
 32451 | Tar:7    | HP: 187/196 [arc of chain lightning (9)]
 32479 | Tar:7    | HP: 183/196 [arc of chain lightning (13)]
 32498 | Tar:7    | HP: 182/196 [arc of chain lightning (14)]
 32515 | Tar:7    | HP: 153/196 [arc of chain lightning (22)]
 32533 | Tar:7    | HP: 156/196 [arc of chain lightning (9)]
 32588 | Tar:7    | Noticed Ereshkigal
 32595 | Tar:7    | Killed Ereshkigal
 32596 | Tar:7    | Noticed a dread lich
 32598 | Tar:7    | Killed a dread lich
 32619 | Tar:7    | Got a bone rune of Zot
 32708 | Hell     | Found a gateway to the freezing wastes of Cocytus.
 32718 | Coc:1    | Entered Level 1 of Cocytus
 32719 | Coc:1    | HP: 149/169 [arc of chain lightning (20)]
 32731 | Coc:1    | HP: 170/183 [something (1)]
 32739 | Coc:1    | HP: 161/189 [arc of chain lightning (20)]
 32746 | Coc:1    | HP: 185/189 [arc of chain lightning (4)]
 32762 | Coc:2    | HP: 165/168 [wendigo/stunning burst (3)]
 32772 | Coc:2    | HP: 156/172 [arc of chain lightning (16)]
 32813 | Coc:3    | HP: 175/177 [something (2)]
 32843 | Coc:3    | HP: 168/182 [arc of chain lightning (13)]
 32853 | Coc:4    | HP: 151/184 [elemental wellspring/torrent of water (33)]
 32854 | Coc:4    | Noticed a shard shrike
 32854 | Coc:4    | Noticed a shard shrike
 32854 | Coc:4    | Noticed a shard shrike
 32855 | Coc:4    | Killed a shard shrike
 32856 | Coc:4    | Killed a shard shrike
 32856 | Coc:4    | Killed a shard shrike
 32878 | Coc:5    | Noticed a shard shrike
 32880 | Coc:5    | Killed a shard shrike
 32900 | Coc:5    | HP: 195/199 [shard shrike simulacrum (4)]
 32910 | Coc:5    | Noticed a shard shrike
 32911 | Coc:5    | HP: 195/199 [arc of chain lightning (4)]
 32913 | Coc:5    | Killed a shard shrike
 32918 | Coc:5    | HP: 186/199 [arc of chain lightning (4)]
 32925 | Coc:5    | Noticed a shard shrike
 32926 | Coc:5    | Killed a shard shrike
 32926 | Coc:5    | HP: 187/199 [arc of chain lightning (12)]
 32930 | Coc:5    | Noticed a shard shrike
 32935 | Coc:5    | Killed a shard shrike
 32935 | Coc:5    | HP: 195/199 [arc of chain lightning (4)]
 32942 | Coc:5    | HP: 193/199 [arc of chain lightning (6)]
 32984 | Coc:5    | HP: 195/199 [arc of chain lightning (4)]
 32984 | Coc:5    | Noticed a shard shrike
 32986 | Coc:5    | Killed a shard shrike
 32987 | Coc:5    | Noticed a shard shrike
 32988 | Coc:5    | Killed a shard shrike
 32989 | Coc:5    | Noticed a shard shrike
 32990 | Coc:5    | HP: 173/199 [shard shrike/shard of ice (26)]
 32992 | Coc:5    | Killed a shard shrike
 33028 | Coc:5    | HP: 187/199 [arc of chain lightning (12)]
 33042 | Coc:5    | HP: 196/199 [Ice Fiend/bolt of cold (3)]
 33054 | Coc:5    | HP: 180/199 [arc of chain lightning (19)]
 33068 | Coc:5    | HP: 184/199 [arc of chain lightning (15)]
 33071 | Coc:5    | Noticed a shard shrike
 33076 | Coc:6    | HP: 158/171 [arc of chain lightning (13)]
 33084 | Coc:6    | Noticed a shard shrike
 33084 | Coc:6    | Noticed a shard shrike
 33085 | Coc:6    | Noticed a shard shrike
 33085 | Coc:6    | Killed a shard shrike
 33086 | Coc:6    | Noticed a shard shrike
 33088 | Coc:6    | Killed a shard shrike
 33088 | Coc:6    | HP: 182/188 [arc of chain lightning (6)]
 33088 | Coc:6    | Killed a shard shrike
 33088 | Coc:6    | Killed a shard shrike
 33103 | Coc:6    | Noticed a shard shrike
 33104 | Coc:6    | Killed a shard shrike
 33110 | Coc:7    | Entered Level 7 of Cocytus
 33112 | Coc:7    | HP: 189/201 [arc of chain lightning (12)]
 33117 | Coc:7    | HP: 191/201 [Ice Fiend/bolt of cold (10)]
 33131 | Coc:7    | HP: 189/201 [arc of chain lightning (12)]
 33135 | Coc:7    | Paralysed by a wendigo for 1 turns
 33136 | Coc:7    | HP: 186/201 [wendigo/stunning burst (2)]
 33193 | Coc:7    | Noticed a shard shrike
 33194 | Coc:7    | HP: 173/201 [shard shrike/shard of ice (28)]
 33195 | Coc:7    | Killed a shard shrike
 33199 | Coc:7    | HP: 182/201 [Ice Fiend/bolt of cold (9)]
 33202 | Coc:7    | Noticed a shard shrike
 33204 | Coc:7    | Noticed a shard shrike
 33205 | Coc:7    | HP: 182/201 [arc of chain lightning (19)]
 33208 | Coc:7    | Killed a shard shrike
 33208 | Coc:7    | Killed a shard shrike
 33210 | Coc:7    | HP: 137/201 [arc of chain lightning (9)]
 33215 | Coc:7    | Noticed a shard shrike
 33217 | Coc:7    | Killed a shard shrike
 33218 | Coc:7    | Reached skill level 15 in Translocations
 33250 | Coc:7    | HP: 195/201 [nargun (6)]
 33281 | Coc:7    | Noticed a shard shrike
 33284 | Coc:7    | Killed a shard shrike
 33284 | Coc:7    | HP: 197/201 [arc of chain lightning (4)]
 33296 | Coc:7    | Noticed a shard shrike
 33297 | Coc:7    | Killed a shard shrike
 33297 | Coc:7    | Noticed a shard shrike
 33298 | Coc:7    | Killed a shard shrike
 33298 | Coc:7    | Noticed a shard shrike
 33298 | Coc:7    | Noticed a shard shrike
 33299 | Coc:7    | Killed a shard shrike
 33299 | Coc:7    | Killed a shard shrike
 33311 | Coc:7    | HP: 187/202 [arc of chain lightning (15)]
 33315 | Coc:7    | Noticed a shard shrike
 33316 | Coc:7    | HP: 179/202 [arc of chain lightning (13)]
 33319 | Coc:7    | Killed a shard shrike
 33322 | Coc:7    | Noticed the Serpent of Hell
 33327 | Coc:7    | HP: 187/202 [the Serpent of Hell/blast of cold (3)]
 33328 | Coc:7    | Killed the Serpent of Hell
 33328 | Coc:7    | Noticed Antaeus
 33392 | Coc:7    | HP: 162/202 [titan/the air (40)]
 33397 | Coc:7    | HP: 169/202 [ice dragon/blast of cold (12)]
 33407 | Coc:7    | HP: 166/202 [arc of chain lightning (20)]
 33418 | Coc:7    | HP: 148/202 [Antaeus/bolt of lightning (8)]
 33427 | Coc:7    | HP: 173/202 [shard shrike simulacrum (9)]
 33445 | Coc:7    | HP: 100/202 [Antaeus/icy flash freeze (31)]
 33460 | Coc:7    | HP: 120/202 [Antaeus/icy flash freeze (38)]
 33466 | Coc:7    | HP: 91/202 [Antaeus/icy flash freeze (52)]
 33484 | Coc:7    | HP: 135/202 [Antaeus/bolt of lightning (9)]
 33490 | Coc:7    | HP: 127/202 [Antaeus/icy flash freeze (31)]
 33498 | Coc:7    | HP: 119/202 [Antaeus/icy flash freeze (28)]
 33521 | Coc:7    | Killed Antaeus
 33548 | Coc:7    | Paralysed by a wendigo for 1 turns
 33559 | Coc:7    | HP: 193/202 [shard shrike simulacrum (9)]
 33576 | Coc:7    | HP: 194/202 [arc of chain lightning (8)]
 33666 | Coc:7    | HP: 194/202 [arc of chain lightning (8)]
 33679 | Coc:7    | HP: 198/202 [Ice Fiend/bolt of cold (4)]
 33699 | Coc:7    | Got an icy rune of Zot
 33869 | Hell     | HP: 186/202 [arc of chain lightning (16)]
 33878 | Hell     | Found a gateway to the Iron City of Dis.
 33882 | Dis:1    | Entered Level 1 of the Iron City of Dis
 33883 | Dis:1    | HP: 187/202 [arc of chain lightning (15)]
 33891 | Dis:1    | HP: 177/203 [arc of chain lightning (18)]
 33913 | Dis:1    | HP: 195/203 [arc of chain lightning (8)]
 33919 | Dis:1    | HP: 126/203 [iron dragon/spray of metal splinters (74)]
 33932 | Dis:1    | HP: 158/203 [arc of chain lightning (7)]
 33956 | Dis:2    | HP: 182/203 [arc of chain lightning (21)]
 33963 | Dis:2    | Noticed a caustic shrike
 33963 | Dis:2    | Noticed a caustic shrike
 33963 | Dis:2    | Noticed a caustic shrike
 33963 | Dis:2    | Noticed a caustic shrike
 33964 | Dis:2    | Killed a caustic shrike
 33964 | Dis:2    | HP: 191/203 [arc of chain lightning (12)]
 33964 | Dis:2    | Killed a caustic shrike
 33965 | Dis:2    | Killed a caustic shrike
 33965 | Dis:2    | Killed a caustic shrike
 33981 | Dis:2    | HP: 188/203 [arc of chain lightning (15)]
 33982 | Dis:2    | Reached skill level 10 in Earth Magic
 34021 | Dis:3    | HP: 159/175 [arc of chain lightning (16)]
 34026 | Dis:3    | HP: 161/179 [arc of chain lightning (16)]
 34053 | Dis:3    | HP: 171/183 [arc of chain lightning (12)]
 34088 | Dis:3    | HP: 172/184 [something (12)]
 34099 | Dis:3    | HP: 164/185 [Hell Sentinel/damnation (21)]
 34115 | Dis:3    | HP: 122/185 [arc of chain lightning (4)]
 34142 | Dis:4    | HP: 142/160 [arc of chain lightning (18)]
 34149 | Dis:4    | Noticed an ancient lich
 34149 | Dis:4    | Noticed a dread lich
 34149 | Dis:4    | Noticed an ancient lich
 34149 | Dis:4    | Noticed an ancient lich
 34149 | Dis:4    | Noticed a caustic shrike
 34149 | Dis:4    | Noticed an ancient lich
 34149 | Dis:4    | Noticed a dread lich
 34149 | Dis:4    | Noticed a caustic shrike
 34150 | Dis:4    | Noticed a caustic shrike
 34151 | Dis:4    | Killed an ancient lich
 34151 | Dis:4    | HP: 149/166 [arc of chain lightning (14)]
 34153 | Dis:4    | Noticed an ancient lich
 34154 | Dis:4    | Killed a caustic shrike
 34154 | Dis:4    | Killed an ancient lich
 34154 | Dis:4    | Noticed an ancient lich
 34155 | Dis:4    | Killed an ancient lich
 34155 | Dis:4    | Killed a dread lich
 34155 | Dis:4    | Noticed a dread lich
 34156 | Dis:4    | Killed an ancient lich
 34157 | Dis:4    | Killed a dread lich
 34158 | Dis:4    | HP: 154/203 [arc of chain lightning (6)]
 34161 | Dis:4    | Killed a caustic shrike
 34163 | Dis:4    | HP: 103/203 [arc of chain lightning (15)]
 34163 | Dis:4    | Killed a dread lich
 34164 | Dis:4    | Killed an ancient lich
 34164 | Dis:4    | Killed a caustic shrike
 34166 | Dis:4    | Killed an ancient lich
 34167 | Dis:4    | Reached skill level 15 in Earth Magic
 34216 | Dis:5    | HP: 195/203 [arc of chain lightning (8)]
 34221 | Dis:5    | HP: 177/203 [arc of chain lightning (19)]
 34223 | Dis:5    | HP: 72/203 [iron giant/iron shot (64)]
 34383 | Dis:5    | HP: 166/174 [iron giant/Hell Sentinel (8)]
 34385 | Dis:5    | HP: 76/174 [arc of chain lightning (16)]
 34407 | Dis:5    | HP: 129/178 [arc of chain lightning (7)]
 34430 | Dis:5    | Noticed a caustic shrike
 34431 | Dis:5    | Noticed a caustic shrike
 34432 | Dis:5    | Killed a caustic shrike
 34432 | Dis:5    | HP: 149/186 [arc of chain lightning (14)]
 34432 | Dis:5    | Noticed a caustic shrike
 34434 | Dis:5    | Killed a caustic shrike
 34435 | Dis:5    | Killed a caustic shrike
 34438 | Dis:5    | HP: 120/197 [arc of chain lightning (12)]
 34454 | Dis:6    | Noticed a caustic shrike
 34454 | Dis:6    | Noticed a caustic shrike
 34455 | Dis:6    | HP: 161/170 [arc of chain lightning (9)]
 34455 | Dis:6    | Noticed a caustic shrike
 34455 | Dis:6    | Noticed a caustic shrike
 34455 | Dis:6    | Noticed a caustic shrike
 34455 | Dis:6    | Noticed a caustic shrike
 34455 | Dis:6    | Noticed a caustic shrike
 34456 | Dis:6    | Killed a caustic shrike
 34456 | Dis:6    | Killed a caustic shrike
 34456 | Dis:6    | Noticed a caustic shrike
 34457 | Dis:6    | Killed a caustic shrike
 34457 | Dis:6    | Killed a caustic shrike
 34457 | Dis:6    | Killed a caustic shrike
 34457 | Dis:6    | Killed a caustic shrike
 34457 | Dis:6    | Noticed a caustic shrike
 34458 | Dis:6    | Killed a caustic shrike
 34458 | Dis:6    | Noticed a caustic shrike
 34459 | Dis:6    | Killed a caustic shrike
 34459 | Dis:6    | Killed a caustic shrike
 34459 | Dis:6    | HP: 62/203 [hellion/damnation (39)]
 34490 | Dis:6    | Killed a caustic shrike
 34490 | Dis:6    | HP: 190/203 [arc of chain lightning (13)]
 34491 | Dis:6    | Noticed a caustic shrike
 34495 | Dis:6    | Killed a caustic shrike
 34495 | Dis:6    | HP: 197/203 [arc of chain lightning (6)]
 34503 | Dis:6    | HP: 160/203 [Hell Sentinel/damnation (43)]
 34511 | Dis:6    | HP: 168/203 [arc of chain lightning (19)]
 34822 | Shoals:2 | HP: 193/203 [arc of chain lightning (10)]
 34856 | Shoals:3 | HP: 197/203 [arc of chain lightning (6)]
 34867 | Shoals:3 | Learned a level 9 spell: Shatter
 35317 | Dis:7    | Entered Level 7 of the Iron City of Dis
 35322 | Dis:7    | HP: 169/203 [war gargoyle/spray of metal splinters (34)]
 35338 | Dis:7    | HP: 153/203 [war gargoyle/spray of metal splinters (50)]
 35339 | Dis:7    | Noticed a caustic shrike
 35340 | Dis:7    | Noticed a caustic shrike
 35341 | Dis:7    | Killed a caustic shrike
 35341 | Dis:7    | Killed a caustic shrike
 35343 | Dis:7    | HP: 156/203 [war gargoyle/spray of metal splinters (22)]
 35351 | Dis:7    | HP: 169/203 [arc of chain lightning (12)]
 35351 | Dis:7    | Noticed a caustic shrike
 35355 | Dis:7    | Killed a caustic shrike
 35356 | Dis:7    | HP: 158/203 [arc of chain lightning (9)]
 35362 | Dis:7    | Noticed a caustic shrike
 35367 | Dis:7    | HP: 173/203 [caustic shrike (7)]
 35368 | Dis:7    | Killed a caustic shrike
 35424 | Dis:7    | Noticed a caustic shrike
 35426 | Dis:7    | HP: 185/203 [arc of chain lightning (18)]
 35427 | Dis:7    | Killed a caustic shrike
 35431 | Dis:7    | HP: 181/203 [Hell Sentinel/damnation (22)]
 35434 | Dis:7    | Noticed a dread lich
 35437 | Dis:7    | Killed a dread lich
 35439 | Dis:7    | HP: 157/203 [Hell Sentinel/damnation (46)]
 35446 | Dis:7    | HP: 174/203 [Hell Sentinel/damnation (20)]
 35496 | Dis:7    | HP: 182/203 [iron giant/harpoon shot (21)]
 35580 | Dis:7    | HP: 157/203 [Hell Sentinel/iron shot (46)]
 35633 | Dis:7    | HP: 184/203 [arc of chain lightning (19)]
 35639 | Dis:7    | Noticed a caustic shrike
 35639 | Dis:7    | Noticed a caustic shrike
 35640 | Dis:7    | Killed a caustic shrike
 35640 | Dis:7    | Killed a caustic shrike
 35640 | Dis:7    | HP: 185/203 [arc of chain lightning (18)]
 35680 | Dis:7    | HP: 191/203 [arc of chain lightning (12)]
 35690 | Dis:7    | Noticed a juggernaut
 35692 | Dis:7    | Killed a juggernaut
 35692 | Dis:7    | Noticed Dispater
 35693 | Dis:7    | HP: 169/203 [Hell Sentinel/damnation (34)]
 35705 | Dis:7    | HP: 169/203 [Hell Sentinel/damnation[Dispater] (34)]
 35710 | Dis:7    | HP: 84/203 [arc of chain lightning (22)]
 35712 | Dis:7    | Killed Dispater
 35735 | Dis:7    | HP: 155/203 [quicksilver elemental/bolt of dispelling
                  | energy (33)]
 35770 | Dis:7    | Got an iron rune of Zot
 36036 | Vaults:2 | HP: 196/203 [arc of chain lightning (7)]
 36180 | Vaults:3 | HP: 194/203 [arc of chain lightning (9)]
 36219 | Vaults:3 | HP: 181/203 [arc of chain lightning (22)]
 36512 | Crypt:1  | Entered Level 1 of the Crypt
 36549 | Crypt:1  | HP: 196/203 [arc of chain lightning (7)]
 36554 | Crypt:1  | HP: 182/203 [arc of chain lightning (19)]
 36564 | Crypt:1  | HP: 158/203 [ancient champion/iron shot (26)]
 36577 | Crypt:1  | HP: 111/203 [arc of chain lightning (22)]
 36589 | Crypt:1  | HP: 142/203 [arc of chain lightning (21)]
 36646 | Crypt:2  | HP: 164/203 [mirror damage (39)]
 36651 | Crypt:2  | HP: 142/203 [arc of chain lightning (12)]
 36679 | Crypt:2  | HP: 199/203 [arc of chain lightning (4)]
 36684 | Crypt:2  | HP: 192/203 [arc of chain lightning (10)]
 36691 | Crypt:2  | HP: 195/203 [arc of chain lightning (8)]
 36700 | Crypt:2  | HP: 195/203 [arc of chain lightning (8)]
 36708 | Crypt:2  | HP: 190/203 [arc of chain lightning (13)]
 36731 | Crypt:3  | Entered Level 3 of the Crypt
 36735 | Crypt:3  | HP: 195/203 [arc of chain lightning (8)]
 36741 | Crypt:3  | HP: 199/203 [arc of chain lightning (4)]
 36747 | Crypt:3  | HP: 195/203 [arc of chain lightning (8)]
 36758 | Crypt:3  | Found a runed translucent gate.
 36758 | Crypt:3  | Found a runed translucent gate.
 36758 | Crypt:3  | Found a runed translucent gate.
 36759 | Crypt:3  | Noticed Waammiq's ghost (veteran GrEE)
 36760 | Crypt:3  | Noticed Gaelaa's ghost (veteran DgCj)
 36760 | Crypt:3  | Noticed Mucafifa's ghost (adept MiFi)
 36760 | Crypt:3  | Noticed Tikhodghonn's ghost (veteran GrEE)
 36766 | Crypt:3  | HP: 195/203 [arc of chain lightning (8)]
 36779 | Crypt:3  | HP: 199/203 [arc of chain lightning (4)]
 36793 | Crypt:3  | HP: 190/203 [arc of chain lightning (13)]
 36799 | Crypt:3  | HP: 194/203 [arc of chain lightning (8)]
 36817 | Crypt:3  | Found a staircase to the Tomb.
 36821 | Crypt:3  | HP: 195/203 [arc of chain lightning (8)]
 36826 | Tomb:1   | Entered Level 1 of the Tomb of the Ancients
 36828 | Tomb:1   | HP: 183/203 [arc of chain lightning (20)]
 36858 | Tomb:1   | HP: 197/203 [arc of chain lightning (6)]
 36951 | Tomb:1   | HP: 194/203 [arc of chain lightning (9)]
 36952 | Tomb:1   | Noticed a royal mummy
 36955 | Tomb:1   | Killed a royal mummy
 36955 | Tomb:1   | Noticed a royal mummy
 36956 | Tomb:1   | Reached skill level 27 in Earth Magic
 36960 | Tomb:1   | HP: 197/203 [arc of chain lightning (6)]
 36961 | Tomb:1   | Killed a royal mummy
 36966 | Tomb:1   | HP: 173/203 [arc of chain lightning (19)]
 36975 | Tomb:1   | Noticed a royal mummy
 36976 | Tomb:1   | Noticed a royal mummy
 36979 | Tomb:1   | HP: 137/203 [royal mummy/divine providence (14)]
 36980 | Tomb:1   | Killed a royal mummy
 36980 | Tomb:1   | Killed a royal mummy
 36999 | Tomb:1   | Noticed a royal mummy
 36999 | Tomb:1   | HP: 191/204 [royal mummy/divine providence (13)]
 37003 | Tomb:1   | Killed a royal mummy
 37008 | Tomb:1   | Noticed a royal mummy
 37018 | Tomb:1   | HP: 194/204 [emperor scorpion[a royal mummy] (5)]
 37020 | Tomb:1   | Killed a royal mummy
 37027 | Tomb:1   | HP: 189/204 [sphinx/divine providence (9)]
 37036 | Tomb:1   | HP: 178/204 [guardian mummy (1)]
 37039 | Tomb:1   | Reached skill level 27 in Fighting
 37041 | Tomb:1   | Noticed a royal mummy
 37049 | Tomb:1   | HP: 177/206 [emperor scorpion[a royal mummy] (21)]
 37055 | Tomb:1   | HP: 179/206 [royal mummy/divine providence (14)]
 37060 | Tomb:1   | HP: 168/206 [death scarab[a royal mummy] (3)]
 37062 | Tomb:1   | HP: 74/206 [emperor scorpion[a royal mummy] (20)]
 37067 | Tomb:1   | HP: 75/206 [arc of chain lightning (14)]
 37074 | Tomb:1   | HP: 68/206 [arc of chain lightning (18)]
 37077 | Tomb:1   | Killed a royal mummy
 37089 | Tomb:1   | HP: 140/206 [arc of chain lightning (12)]
 37107 | Tomb:1   | HP: 195/206 [arc of chain lightning (6)]
 37150 | Tomb:1   | Noticed a royal mummy
 37155 | Tomb:1   | HP: 195/206 [royal mummy/divine providence (11)]
 37159 | Tomb:1   | Killed a royal mummy
 37175 | Tomb:1   | Noticed a royal mummy
 37180 | Tomb:1   | Killed a royal mummy
 37199 | Tomb:1   | HP: 198/206 [arc of chain lightning (8)]
 37224 | Tomb:1   | Noticed a royal mummy
 37225 | Tomb:1   | HP: 194/206 [royal mummy/divine providence (12)]
 37229 | Tomb:1   | Killed a royal mummy
 37234 | Tomb:1   | Identified the ring of Lisuar {Fire rCorr}
 37267 | Tomb:1   | Noticed a royal mummy
 37269 | Tomb:1   | HP: 194/206 [arc of chain lightning (12)]
 37270 | Tomb:1   | Killed a royal mummy
 37271 | Tomb:1   | Noticed a royal mummy
 37275 | Tomb:1   | Killed a royal mummy
 37275 | Tomb:1   | HP: 191/206 [arc of chain lightning (15)]
 37295 | Tomb:2   | HP: 197/206 [arc of chain lightning (9)]
 37302 | Tomb:2   | HP: 191/206 [arc of chain lightning (15)]
 37384 | Tomb:3   | Entered Level 3 of the Tomb of the Ancients
 37385 | Tomb:3   | HP: 199/206 [death scarab (7)]
 37391 | Tomb:3   | HP: 188/206 [arc of chain lightning (18)]
 37391 | Tomb:3   | Noticed a royal mummy
 37391 | Tomb:3   | Noticed a royal mummy
 37396 | Tomb:3   | Killed a royal mummy
 37396 | Tomb:3   | Noticed a royal mummy
 37397 | Tomb:3   | Killed a royal mummy
 37398 | Tomb:3   | HP: 188/206 [royal mummy/divine providence (12)]
 37398 | Tomb:3   | Noticed a royal mummy
 37402 | Tomb:3   | Killed a royal mummy
 37404 | Tomb:3   | HP: 189/206 [arc of chain lightning (15)]
 37404 | Tomb:3   | Killed a royal mummy
 37407 | Tomb:3   | Noticed a royal mummy
 37408 | Tomb:3   | Noticed a royal mummy
 37409 | Tomb:3   | HP: 198/206 [arc of chain lightning (4)]
 37415 | Tomb:3   | Killed a royal mummy
 37415 | Tomb:3   | HP: 190/206 [spore (8)]
 37415 | Tomb:3   | Killed a royal mummy
 37416 | Tomb:3   | Noticed a royal mummy
 37418 | Tomb:3   | Noticed a royal mummy
 37426 | Tomb:3   | Killed a royal mummy
 37428 | Tomb:3   | HP: 164/206 [arc of chain lightning (18)]
 37430 | Tomb:3   | Killed a royal mummy
 37432 | Tomb:3   | Noticed Khufu
 37433 | Tomb:3   | HP: 168/206 [Khufu/divine providence (13)]
 37437 | Tomb:3   | Killed Khufu
 37460 | Tomb:3   | Found the +9 sword of Zonguldrok {reap}
 37518 | Tomb:3   | Got a golden rune of Zot
 37595 | Tomb:1   | HP: 196/206 [mummy priest/divine providence (10)]
 37601 | Tomb:1   | Noticed a royal mummy
 37605 | Tomb:1   | Killed a royal mummy
 37612 | Tomb:1   | HP: 187/206 [arc of chain lightning (19)]
 37647 | Tomb:1   | HP: 109/206 [torment (97)]
 37663 | Crypt:3  | HP: 163/206 [arc of chain lightning (8)]
 37754 | Crypt:2  | HP: 193/206 [arc of chain lightning (13)]
 37769 | Crypt:2  | HP: 194/206 [arc of chain lightning (12)]
 37777 | Crypt:2  | HP: 197/206 [arc of chain lightning (9)]
 38106 | Zot:1    | Entered Level 1 of the Realm of Zot
 38126 | Zot:2    | HP: 197/206 [black draconian knight/bolt of cold[a black
                  | draconian knight] (9)]
 38138 | Zot:2    | HP: 200/206 [red draconian scorcher/searing blast[a black
                  | draconian knight] (6)]
 38143 | Zot:2    | HP: 195/206 [green draconian monk/blast of poison[a purple
                  | draconian shifter] (2)]
 38148 | Zot:2    | HP: 174/206 [death cob (9)]
 38153 | Zot:2    | HP: 136/206 [arc of chain lightning (12)]
 38258 | Zot:2    | HP: 185/206 [moth of wrath (21)]
 38299 | Zot:2    | HP: 196/206 [arc of chain lightning (10)]
 38311 | Zot:2    | HP: 194/206 [arc of chain lightning (12)]
 38331 | Zot:3    | HP: 194/206 [arc of chain lightning (12)]
 38353 | Zot:3    | HP: 199/206 [arc of chain lightning (7)]
 38382 | Zot:3    | HP: 202/206 [storm dragon/bolt of lightning (4)]
 38411 | Zot:3    | HP: 193/206 [death cob (13)]
 38447 | Zot:3    | HP: 184/206 [arc of chain lightning (22)]
 38472 | Zot:3    | HP: 190/206 [arc of chain lightning (16)]
 38585 | Zot:4    | HP: 185/206 [arc of chain lightning (21)]
 38586 | Zot:4    | Noticed an orb of fire
 38590 | Zot:4    | HP: 192/206 [orb of fire/bolt of fire (14)]
 38591 | Zot:4    | Killed an orb of fire
 38596 | Zot:4    | HP: 196/206 [black draconian knight/bolt of lightning (10)]
 38605 | Zot:4    | HP: 158/206 [arc of chain lightning (9)]
 38616 | Zot:4    | HP: 191/206 [arc of chain lightning (15)]
 38622 | Zot:4    | HP: 191/206 [arc of chain lightning (15)]
 38698 | Zot:4    | HP: 193/206 [arc of chain lightning (13)]
 38746 | Zot:5    | Entered Level 5 of the Realm of Zot
 38881 | Zot:5    | HP: 193/206 [arc of chain lightning (13)]
 38913 | Zot:5    | Noticed an orb of fire
 38916 | Zot:5    | Killed an orb of fire
 38917 | Zot:5    | Noticed an orb of fire
 38918 | Zot:5    | Noticed a Killer Klown
 38920 | Zot:5    | Killed an orb of fire
 38923 | Zot:5    | Noticed an orb of fire
 38925 | Zot:5    | HP: 191/206 [arc of chain lightning (15)]
 38926 | Zot:5    | Killed an orb of fire
 38927 | Zot:5    | Noticed an ancient lich
 38930 | Zot:5    | Killed an ancient lich
 38933 | Zot:5    | Killed a Killer Klown
 38936 | Zot:5    | Noticed a Killer Klown
 38939 | Zot:5    | Killed a Killer Klown
 38939 | Zot:5    | HP: 198/206 [arc of chain lightning (8)]
 38940 | Zot:5    | Noticed an orb of fire
 38944 | Zot:5    | Killed an orb of fire
 38944 | Zot:5    | HP: 184/206 [arc of chain lightning (10)]
 38957 | Zot:5    | Noticed a Killer Klown
 38959 | Zot:5    | Killed a Killer Klown
 38987 | Zot:5    | Noticed a Killer Klown
 38989 | Zot:5    | Killed a Killer Klown
 38992 | Zot:5    | Noticed an orb of fire
 38996 | Zot:5    | Killed an orb of fire
 38996 | Zot:5    | HP: 187/206 [arc of chain lightning (19)]
 39009 | Zot:5    | Got the Orb of Zot
 39030 | Zot:5    | HP: 188/206 [arc of chain lightning (18)]
 39030 | Zot:5    | Noticed an orb of fire
 39038 | Zot:5    | HP: 190/206 [arc of chain lightning (13)]
 39052 | Zot:5    | HP: 199/206 [orb of fire/fireball (7)]
 39055 | Zot:5    | Killed an orb of fire
 39082 | Zot:5    | HP: 203/206 [arc of chain lightning (3)]
 39101 | Zot:4    | HP: 198/206 [arc of chain lightning (8)]
 39209 | Zot:3    | HP: 198/206 [arc of chain lightning (8)]
 39294 | Depths:3 | HP: 194/206 [arc of chain lightning (12)]
 39671 | D:1      | HP: 196/206 [arc of chain lightning (10)]
 39687 | D:1      | HP: 196/206 [arc of chain lightning (10)]
 39693 | D:$      | Escaped with the Orb!

Illustrated notes

Levels and vault maps discovered:
D:1:      shiori_arrival_oz, layout_basic
D:2:      layout_basic, hellmonk_ecumenical_altar_zigzags, serial_shops, shop
D:3:      layout_basic, nzn_wu_jian_contemplation,
          eat_drink_and_be_merry_uskayaw, serial_glass, glass_columns_a,
          glass_columns_a, kennysheep_generic_room_12
D:4:      layout_basic, nicolae_overflow_two_pavilions,
          kennysheep_generic_room_5, uniq_menkaure
D:5:      layout_basic, mainiacjoe_overflow_boulevard, amcnicky_altar_gilded,
          mainiacjoe_overflow_big_doors, serial_glass, glass_columns_b,
          glass_columns_c, ebering_dispersal_statue_hall
D:6:      layout_gridville, minmay_temple_entry_statues
D:7:      layout_basic, lemuel_coloured_pillars_altar,
          nicolae_qazlal_scattered_showers, lemuel_round_altar,
          columned_hall_lemuel
D:8:      lemuel_ratsnest, layout_basic, zin_statuary, trog_hazing_becter
D:9:      layout_cave_pools, orc_0_dummy, gammafunk_ghost_icy, uniq_psyche
D:10:     layout_roguey, nicolae_vehumet_radiance, lair_entry_dummy
D:11:     layout_roguey [special_room_orc], fedhas_altar_fruit_tree,
          uniq_josephine
D:12:     layout_stronghold, uniq_jorgrun, uniq_sonja
D:13:     layout_roguey [special_room_orc], erik_vaults_2,
          nicolae_shop_dragon_depot, grunt_ministairs_5
D:14:     layout_big_octagon, serial_shops, bzr_in_the_mist,
          nicolae_antique_artefacts
D:15:     gammafunk_depths_entry_grave, layout_long_grid, serial_shops,
          bzr_entry_water, hangedman_decor_points
Lair:1:   layout_hall_layers
Lair:2:   layout_regular_city, lightli_volcano_entry_magma_tube,
          lemuel_fruit_fields
Lair:3:   layout_cave_shapes, nicolae_shoals_entry_roost,
          nicolae_spider_entry_lesser_pyramids, wad_woods_river_02,
          uniq_nergalle
Lair:4:   layout_gridlike, grunt_megastairs_1
Lair:5:   hellmonk_lair_end_abyssal_woods, layout_regular_city,
          dpeg_slime_entry_enclosed, serial_bayou_shore_b, serial_bayou_shore_a,
          grunt_megastairs_5
Shoals:1: layout_shoals, nicolae_shop_vocational
Shoals:2: layout_shoals, nicolae_shoals_water_elemental_grotto
Shoals:3: layout_shoals, uniq_polyphemus, uniq_donald
Shoals:4: shoals_end_hellmonk_storm_palace [storm_palace_center_circular,
          storm_palace_corner_reverse_hut, storm_palace_corner_grid,
          storm_palace_corner_narrow, storm_palace_corner_altar]
Spider:1: layout_spider_delve, nicolae_spider_rock_and_or_roll
Spider:2: layout_chambers, uniq_aizul
Spider:3: layout_spider_delve, nicolae_crawler_farm, uniq_mara
Spider:4: spider_rune_water
Slime:1:  cheibrodos_slime_lost_civilization_1, layout_caves
Slime:2:  layout_caves, nicolae_slime_rock_hall_of_fame, uniq_dissolution
Slime:3:  layout_caves
Slime:4:  layout_caves
Slime:5
Orc:1:    layout_caves, serial_shops, shop
Orc:2:    st_orc_elflike, layout_caves, gauntlet_entry_generic, uniq_urug,
          uniq_saint_roka
Elf:1:    eino_elf_arrival_the_gate, layout_geoelf_grid,
          portal_ice_cave_entry_pillars_1, minmay_elf_necromancy
Elf:2:    nicolae_elf_blades_splatter_lattice [nicolae_blade_bullseye],
          layout_geoelf_grid, ebering_ghost_reflecting_pool, minivault_23,
          lemuel_statue_altar, serial_sigils_hangedman_stare
Elf:3:    minmay_elf_hall_hex, layout_loops_ring, enter_trove_0, serial_shops,
          nicolae_shop_peninsula, uniq_louise
Vaults:1: vaults_room_grid, nicolae_vaults_mini_display_case, vaults_room_pools,
          v_misc_12, nicolae_vaults_circle_grid_b, hangedman_vaults_stitches,
          nicolae_vaults_octothorpe, v_pattern_3,
          nicolae_vaults_closet_pinwheel_5, nicolae_vaults_whirlpool_walls,
          layout_vaults_ring, serial_shops, shop
Vaults:2: dpeg_vaults_monster_box, nicolae_vaults_closet_pinwheel_3, v_misc_16,
          nicolae_vaults_quartermaster, nicolae_vaults_alarming,
          nicolae_vaults_trapezoid_2, grunt_vaults_twisty, v_rooms_4,
          nicolae_vaults_big_ls, layout_vaults_big_room
Vaults:3: mu_enter_wizlab_2, minmay_crypt_entry_simple_corners,
          nicolae_vaults_specimen_jars, nicolae_vaults_wrenched,
          nicolae_vaults_more_shelving_1, nicolae_vaults_closet_pinwheel_1,
          nicolae_vaults_house_2, vaults_room_corners, v_misc_23,
          nicolae_vaults_sealed_display, v_alt_pattern_2,
          nicolae_vaults_rhombus_6, layout_vaults_big_cross, serial_shops, shop
Vaults:4: v_misc_4, hangedman_vaults_hat, nicolae_vaults_network_barrier,
          v_misc_14, nicolae_vaults_statue_guard, nicolae_vaults_rhombus_5,
          nicolae_vaults_angled_halls, nicolae_vaults_meiosis,
          nicolae_vaults_ring_of_whatevers, v_alt_pattern_2,
          layout_vaults_omnigrid, uniq_sojobo, uniq_margery
Vaults:5: serial_shops, uniq_jory
Crypt:1:  lemuel_vampire_tower, layout_misc_corridors, st_stairs_10,
          grunt_crypt_arrival_webbed
Crypt:2:  layout_misc_corridors
Crypt:3:  church_of_pain_bobbens, layout_chaotic_city, gammafunk_ghost_cemetery
Tomb:1
Tomb:2
Tomb:3
Depths:1: layout_gridlike, enter_ziggurat_f, minmay_misc_feat_doors,
          hangedman_geh_valley, serial_corexii_hall, corexii_hall_statues_t,
          corexii_hall_statues_t, chequers_hall_statues_y,
          chequers_hall_statues_y, chequers_hall_statues_wall_a,
          corexii_hall_statues_deadend, serial_shops,
          nicolae_shop_hallway_stairs, kennysheep_pointless_box,
          kennysheep_generic_room_14
Depths:2: minmay_concentric_multi, layout_cave_pools,
          chequers_serial_rivers_room_a, rand_demon_pan_entry_7, hellmouth_1,
          uniq_nikola
Depths:3: hangedman_cross_veins, layout_basic, chequers_serial_rivers_micro_a,
          hangedman_abyss_entry_splay, hell_entry, serial_shops,
          nicolae_diamond_shop, shop, nicolae_shop_scrapyard,
          hellmonk_bongcloud_opening
Depths:4: grunt_x_marks_the_spot, layout_cave_shapes, serial_shops,
          nicolae_shop_gaudy_bauble, shop, shop,
          nicolae_shop_bloodbath_and_beyond, serial_sigils,
          serial_sigils_hangedman_scratch, serial_sigils_hangedman_confine,
          serial_sigils_hangedman_quiver, serial_sigils_hangedman_shear,
          serial_sigils_hangedman_gnaw, hangedman_coc_ice_floe, uniq_josephina,
          uniq_mennas
Hell
Dis:1:    layout_overlapping_boxes
Dis:2:    layout_jigsaw
Dis:3:    layout_subdivisions
Dis:4:    layout_gridville, nicolae_hells_leichenhalle
Dis:5:    layout_gridville
Dis:6:    layout_regular_city
Dis:7:    dis_st
Geh:1:    layout_gehenna_pools_basic
Geh:2:    layout_gehenna_lava_caves, nicolae_geh_lavax
Geh:3:    layout_gehenna_lava_caves
Geh:4:    layout_gehenna_pools_triple
Geh:5:    layout_gehenna_pools_triple
Geh:6:    layout_gehenna_lava_caves
Geh:7:    geh_hangedman
Coc:1:    layout_cocytus_water_paths
Coc:2:    layout_cocytus_water_paths
Coc:3:    layout_ice_bergs
Coc:4:    layout_cocytus_water_paths
Coc:5:    nicolae_coc_city_of_iceburg
Coc:6:    layout_cocytus_water_paths
Coc:7:    coc_old
Tar:1:    layout_honeycomb, door_vault
Tar:2:    layout_catacombs, nicolae_tar_stay_or_leave
Tar:3:    layout_grid_maze, nicolae_tar_combstack
Tar:4:    layout_grid_maze
Tar:5:    layout_grid_maze
Tar:6:    layout_cathedral_of_symmetry, nicolae_tar_spectre_spectrum
Tar:7:    tar_grunt_cathedral
Zot:1:    layout_cathedral_of_symmetry, st_small_dragon_hoard_3
Zot:2:    lemuel_draconian_sentries_small, layout_onion_interference,
          gammafunk_ghost_split, grunt_megastairs_2
Zot:3:    layout_gridlike, drop_trap
Zot:4:    layout_cellular_growth, zot_minivault_1
Zot:5:    layout_gridlike

Skill      XL: |  1  2  3  4  5  6  7  8  9 10 11 12 13 14 15 16 17 18 19 20 21 22 23 24 25 26 27 |
---------------+----------------------------------------------------------------------------------+-----
Spellcasting   | 3 4 7 11 13 14 15 16 17 19 20 21 22 23 24 25 27 | 27.0
Earth Magic    | 4 5 6 7 8 27 | 27.0
Conjurations   | 1 3 5 6 8 9 10 11 12 13 15 16 17 18 27 | 27.0
Fighting       | 3 4 6 7 8 9 10 11 12 13 15 16 18 19 27 | 27.0
Long Blades    | 4 8 |  8.5
Poison Magic   | 4 5 6 8 |  8.0
Fire Magic     | 7 8 13 16 | 16.0
Dodging        | 3 5 7 8 23 | 23.9
Necromancy     | 3 4 5 7 8 10 12 21 | 21.4
Air Magic      | 3 5 6 7 8 9 11 13 17 18 27 | 27.0
Ice Magic      | 2 4 5 7 8 27 | 27.0
Shields        | 1 3 6 7 8 |  8.0
Evocations     | 1 4 6 7 8 |  8.5
Armour         | 5 8 |  8.0
Transmutations | 6 11 22 | 22.5
Unarmed Combat | 23 | 23.9
Translocations | 16 | 16.2
Stealth        | |  1.4

Action                     |  1- 3 |  4- 6 |  7- 9 | 10-12 | 13-15 | 16-18 | 19-21 | 22-24 | 25-27 || total
---------------------------+-------+-------+-------+-------+-------+-------+-------+-------+-------++-------
  Melee: Unarmed           |     1 |     4 |       |       |       |       |       |       |    73 ||    78
         Staff             |       |       |     1 |     1 |    11 |     5 |       |     3 |    23 ||    44
         Punch             |       |       |       |       |     1 |       |       |       |     7 ||     8
         Short sword       |       |       |       |       |       |     1 |     6 |     3 |     6 ||    16
         Double sword      |       |       |       |       |       |     1 |       |       |       ||     1
   Cast: Sandblast         |    40 |    55 |    69 |   148 |   132 |   211 |    87 |    13 |       ||   755
         Passwall          |     4 |     6 |    25 |    20 |     1 |    14 |     6 |       |    15 ||    91
         Stone Arrow       |       |     4 |    41 |    46 |    21 |     9 |       |       |       ||   121
         Olgreb's Toxic Ra |       |       |       |    23 |    40 |    32 |    10 |     2 |       ||   107
         Mephitic Cloud    |       |       |       |    12 |     1 |     7 |       |       |       ||    20
         Fireball          |       |       |       |    50 |    91 |    33 |     7 |       |       ||   181
         Borgnjor's Vile C |       |       |       |     5 |     5 |     9 |     5 |       |     9 ||    33
         Freezing Cloud    |       |       |       |     1 |       |     6 |       |       |       ||     7
         Plasma Beam       |       |       |       |       |    44 |   156 |   178 |   207 |     1 ||   586
         Starburst         |       |       |       |       |     6 |    23 |       |       |       ||    29
         Iskenderun's Batt |       |       |       |       |       |    52 |    29 |     3 |       ||    84
         Irradiate         |       |       |       |       |       |     6 |     4 |       |     1 ||    11
         Iron Shot         |       |       |       |       |       |     6 |    16 |    38 |    25 ||    85
         Ignition          |       |       |       |       |       |       |    36 |    42 |   116 ||   194
         Chain Lightning   |       |       |       |       |       |       |       |    30 |  2030 ||  2060
         Spellforged Servi |       |       |       |       |       |       |       |     2 |    11 ||    13
         Necromutation     |       |       |       |       |       |       |       |       |   130 ||   130
         Sublimation of Bl |       |       |       |       |       |       |       |       |    85 ||    85
         Shatter           |       |       |       |       |       |       |       |       |    82 ||    82
         Polar Vortex      |       |       |       |       |       |       |       |       |    26 ||    26
         Storm Form        |       |       |       |       |       |       |       |       |    12 ||    12
         Manifold Assault  |       |       |       |       |       |       |       |       |     6 ||     6
         Vhi's Electric Ch |       |       |       |       |       |       |       |       |     1 ||     1
Ability: End Transformatio |       |       |       |       |       |       |       |       |    39 ||    39
         Blinkbolt         |       |       |       |       |       |       |       |       |     2 ||     2
  Evoke: Wand              |       |       |       |       |       |     4 |       |       |     2 ||     6
         Lightning rod     |       |       |       |       |       |     1 |     1 |       |       ||     2
         Condenser vane    |       |       |       |       |       |     1 |       |       |       ||     1
         Box of beasts     |       |       |       |       |       |       |       |       |     1 ||     1
    Use: Scroll            |       |     2 |     3 |     7 |     6 |    18 |     7 |     2 |    43 ||    88
         Potion            |       |       |       |     3 |     4 |    18 |     1 |     6 |    40 ||    72
   Stab: Sleeping          |     1 |       |       |       |       |       |       |       |       ||     1
         Distracted        |       |       |       |       |       |       |       |       |     2 ||     2
 Armour: Robe              |     5 |    13 |     6 |    23 |    19 |    31 |       |       |    39 ||   136
         Troll leather arm |       |       |       |       |       |     6 |    24 |    28 |    18 ||    76
         Leather armour    |       |       |       |       |       |     3 |       |       |       ||     3
         Skin              |       |       |       |       |       |       |       |       |    21 ||    21
  Dodge: Dodged            |    13 |    21 |    17 |    65 |   133 |   130 |    51 |    39 |   230 ||   699
         Repelled          |       |       |       |       |       |       |       |       |    25 ||    25
  Block: Buckler           |       |       |       |       |    55 |   144 |    65 |    51 |   191 ||   506
         Reflection        |       |       |       |       |       |     6 |    16 |    12 |    36 ||    70
         Other             |       |       |       |       |       |       |       |       |     4 ||     4
